 Dungeon Crawl Stone Soup version 0.31-a0-355-g57cb03d3e8 (webtiles) character file.

Game seed: 10062743458800740807

691053 spiderkeys the Conqueror (level 27, -3/80 HPs)
             Began as an Octopode Shapeshifter on July 22, 2023.
             Was an Initiate of Gozag.
             Slain by a storm dragon (10 damage)
             ... on level 3 of the Realm of Zot on July 25, 2023.
             The game lasted 02:32:49 (61576 turns).

spiderkeys the Conqueror (Octopode Shapeshifter)   Turns: 61576, Time: 02:32:50

Health: -3/80      AC: 10    Str: 28    XL:     27
Magic:  39/39      EV: 37    Int: 23    God:    Gozag
Gold:   19026      SH:  0    Dex: 27    Spells: 8/50 levels left

rFire   + + +        q - +11 dire flail "Qenliub" {spect, rElec rN++ Str+3 Dex-3}
rCold   + + +        (shield currently unavailable)
rNeg    + + +        D - +2 hat {Int+3}
rPois   ∞            W - amulet "Jisick" {RegenMP Fly Regen+ Int+3}
rElec   +            X - ring of the Cockroach {rF+ Dex+6}
rCorr   +            S - +6 ring of strength
SInv    +            u - ring "Bugo" {rPois rC+ Str+3 Stlth+}
Will    ++++.        H - ring of Wiusenu {rElec rC++ EV+5 Dex+5}
Stlth   ++++++++++   v - ring of see invisible
HPRegen 1.13/turn    O - +4 ring of protection
MPRegen 0.66/turn    Z - ring "Ytothrat" {Wiz rPois rC- rN++ Will+}
                     e - ring "Secas" {rF+ rCorr Int+3}

%: wizardry (x1)
@: mighty, brilliant, death-form, resistant, flying, constricted, studying
Unarmed Combat
A: vile attack, torment immunity, no potions, reduced hp, almost no armour,
amphibious, 8 rings, camouflage 1, gelatinous body 1, (nimble swimmer 1),
tentacles, iridescent scales 1, dopey 1, fire resistance 1, frail 1, shaggy fur
1, electricity resistance
}: 5/15 runes: decaying, slimy, silver, abyssal, gossamer
a: Siphon Essence, Begin Untransformation, Renounce Religion, Potion Petition,
Call Merchant, Bribe Branch


You were on level 3 of the Realm of Zot.
You worshipped Gozag.
Gozag was extremely pleased with you.
You were an undying horror.
You visited 12 branches of the dungeon, and saw 55 of its levels.
You visited the Abyss 1 time.
You also visited: Bailey, Gauntlet, Ice Cave and Volcano.

You collected 32428 gold pieces.
You spent 3869 gold pieces at shops.
You paid 9533 gold pieces to Gozag.


Innate Abilities, Weirdness & Mutations

You are an undying horror.
Your melee and unarmed attacks drain, slow and weaken victims.
You are immune to unholy pain and torment.
You cannot drink.
Your maximum health is decreased, since you lack skill for your form.
You are immune to poison.
You cannot wear most types of armour.
You are amphibious.
You can wear up to eight rings at the same time.
Your skin changes colour to match your surroundings (Stealth+).
Your rubbery body absorbs attacks. (AC +1, EV +1)
((You are camouflaged when in or above water. (Stealth+)))
You have tentacles for arms and can constrict up to eight enemies at once.
You are partially covered in iridescent scales. (AC +2)
You are dopey. (Int -2)
Your flesh is heat resistant. (rF+)
You are frail. (-10% HP)
You are covered in fur. (AC +1)
You are resistant to electric shocks. (rElec)


   Skills:
 O Level 27 Fighting
 - Level 14.0 Maces & Flails
 - Level 8.4 Throwing
 + Level 21.3 Dodging
 - Level 21.2 Stealth
 - Level 4.0 Unarmed Combat
 - Level 12.0 Spellcasting
 - Level 8.0 Conjurations
 - Level 8.0 Hexes
 - Level 12.3 Translocations
 - Level 8.0 Transmutations
 - Level 21.0 Fire Magic
 - Level 1.4 Ice Magic
 * Level 3.9 Earth Magic
 - Level 15.0 Shapeshifting


You had 8 spell levels left.
You knew the following spells:

 Your Spells              Type           Power      Damage    Failure   Level
b - Blink                 Tloc           100%       N/A       1%          2
i - Irradiate             Conj/Tmut      33%        3d22      1%          5
l - Lesser Beckoning      Tloc           100%       N/A       1%          2
m - Manifold Assault      Tloc           82%        N/A       1%          4
o - Ozocubu's Refrigerat  Ice            15%        4d10      100%        7
p - Passage of Golubria   Tloc           82%        N/A       1%          4
r - Lee's Rapid Deconstr  Erth           24%        3d13*     10%         5
y - Yara's Violent Unrav  Hex/Tmut       33%        3d14      1%          5
I - Ignition              Fire           52%        3d15      2%          8

Your spell library contained the following spells:

 Spells                   Type           Power      Damage    Failure   Level
 Foxfire                  Conj/Fire      100%       2x1d9     0%          1
 Scorch                   Fire           100%       2d9       0%          2
 Apportation              Tloc           100%       N/A       1%          1
 Freeze                   Ice            100%       1d10      1%          1
 Kiss of Death            Conj/Necr      100%       2d13      1%          1
 Magic Dart               Conj           100%       1d8       1%          1
 Necrotise                Necr           80%        1d8       1%          1
 Sandblast                Erth           96%        2d20      1%          1
 Slow                     Hex            100%       N/A       1%          1
 Summon Small Mammal      Summ           80%        N/A       1%          1
 Momentum Strike          Conj/Tloc      100%       3d10      1%          2
 Passwall                 Tmut/Erth      48%        N/A       1%          2
 Searing Ray              Conj           100%       2d8       1%          2
 Wereblood                Tmut           66%        N/A       1%          2
 Confusing Touch          Hex            66%        N/A       1%          3
 Gell's Gravitas          Tloc           82%        N/A       1%          3
 Hailstorm                Conj/Ice       52%        3d12      1%          3
 Ignite Poison            Fire/Tmut/Pois 72%        N/A       1%          3
 Inner Flame              Hex/Fire       88%        N/A       1%          3
 Portal Projectile        Hex/Tloc       100%       N/A       1%          3
 Summon Guardian Golem    Hex/Summ       48%        N/A       1%          3
 Teleport Other           Tloc           82%        N/A       1%          3
 Vhi's Electric Charge    Tloc/Air       100%       N/A       1%          3
 Cause Fear               Hex            33%        N/A       1%          4
 Flame Wave               Conj/Fire      88%        2d19      1%          4
 Fulminant Prism          Conj/Hex       33%        3d15      1%          4
 Iskenderun's Mystic Bla  Conj/Tloc      74%        2d15      1%          4
 Leda's Liquefaction      Hex/Erth       29%        N/A       1%          4
 Petrify                  Tmut/Erth      58%        N/A       1%          4
 Sticky Flame             Conj/Fire      88%        2d10      1%          4
 Fireball                 Conj/Fire      44%        3d18      1%          5
 Iskenderun's Battlesphe  Conj           66%        2d12      1%          5
 Dispersal                Tloc           41%        N/A       1%          6
 Starburst                Conj/Fire      44%        6d12      1%          6
 Sublimation of Blood     Necr           20%        N/A       2%          2
 Frozen Ramparts          Ice            60%        1d10      3%          3
 Ozocubu's Armour         Ice            30%        N/A       3%          3
 Anguish                  Hex/Necr       24%        N/A       3%          4
 Summon Forest            Summ/Tloc      29%        N/A       4%          5
 Plasma Beam              Fire/Air       37%        2x1d51    4%          6
 Call Canine Familiar     Summ           20%        N/A       6%          3
 Vampiric Draining        Necr           20%        2d7       6%          3
 Metabolic Englaciation   Hex/Ice        26%        N/A       8%          5
 Arcjolt                  Conj/Air       24%        1d34      10%         5
 Summon Mana Viper        Hex/Summ       48%        N/A       10%         5
 Summon Ice Beast         Ice/Summ       25%        N/A       14%         4
 Dispel Undead            Necr           20%        3d11      17%         4
 Olgreb's Toxic Radiance  Pois           20%        N/A       17%         4
 Summon Lightning Spire   Summ/Air       20%        N/A       17%         4
 Agony                    Necr           20%        N/A       43%         5
 Conjure Ball Lightning   Conj/Air       24%        3x3d7     45%         6
 Eringya's Noxious Bog    Tmut/Pois      24%        4d6       45%         6
 Enfeeble                 Hex            33%        N/A       47%         7
 Orb of Destruction       Conj           33%        9d10      47%         7
 Disjunction              Tloc           41%        N/A       56%         8
 Malign Gateway           Summ/Tloc      29%        N/A       73%         7
 Summon Cactus Giant      Summ           10%        N/A       93%         6
 Discord                  Hex            33%        N/A       98%         8
 Haunt                    Necr/Summ      10%        N/A       100%        7
 Monstrous Menagerie      Summ           10%        N/A       100%        7
 Summon Hydra             Summ           10%        N/A       100%        7
 Infestation              Necr           10%        N/A       100%        8
 Lehudib's Crystal Spear  Conj/Erth      29%        10d8      100%        8
 Maxwell's Capacitive Co  Air            10%        ∞         100%        8
 Summon Horrible Things   Summ           10%        N/A       100%        8
 Polar Vortex             Ice            15%        12d2*     100%        9
 Animate Armour           Summ/Erth      Unusable   N/A       N/A         4
 Animate Dead             Necr           Unusable   N/A       N/A         4
 Simulacrum               Ice/Necr       Unusable   N/A       N/A         6

Inventory:

Hand Weapons
 q - the +11 dire flail "Qenliub" (weapon) {spect, rElec rN++ Str+3 Dex-3}
   (You found it on level 3 of the Dungeon)

   Str:       It affects your strength (+3).
   Dex:       It affects your dexterity (-3).
   rElec:     It insulates you from electricity.
   rN:        It greatly protects you from negative energy.
Missiles
 c - 44 poisoned darts
 G - 19 boomerangs
Armour
 D - a +2 hat of intelligence (worn)
   (You acquired it on level 2 of the Orcish Mines)
Jewellery
 b - the ring "Enekoyh" {rC+ MP+9 Slay+2}
   (You found it on level 3 of the Elven Halls)

   [ring of protection from cold]

   Slay:      It affects your accuracy & damage with ranged weapons and melee
   (+2).
   rC:        It protects you from cold.
   MP:        It affects your magic capacity (+9).
 e - the ring "Secas" (on tentacle) {rF+ rCorr Int+3}
   (You bought it in a shop on level 1 of the Vaults)

   [ring of resist corrosion]

   Int:       It affects your intelligence (+3).
   rF:        It protects you from fire.
   rCorr:     It protects you from acid and corrosion.
 g - the ring of Torhatua {Wiz rN+ Str-4 Int+3}
   (You found it on level 3 of the Elven Halls)

   [ring of wizardry]

   It improves your spell success rate.
   Str:       It affects your strength (-4).
   Int:       It affects your intelligence (+3).
   rN:        It protects you from negative energy.
 u - the ring "Bugo" (on tentacle) {rPois rC+ Str+3 Stlth+}
   (You acquired it on level 7 of the Dungeon)

   [ring of protection from cold]

   Str:       It affects your strength (+3).
   rC:        It protects you from cold.
   rPois:     It protects you from poison.
   Stlth:     It makes you more stealthy.
 v - a ring of see invisible (on tentacle)
   (You bought it in a shop on level 1 of the Dungeon)
 E - the amulet "Kan Moq" {Reflect Int+2 SH+5}
   (You found it on level 3 of the Elven Halls)

   [amulet of reflection]

   It reflects blocked missile attacks.
   Int:       It affects your intelligence (+2).
   SH:        It affects your SH (+5).
 F - a ring of protection from fire
   (You found it on level 1 of the Depths)
 H - the ring of Wiusenu (on tentacle) {rElec rC++ EV+5 Dex+5}
   (You bought it in a shop on level 1 of the Dungeon)

   [ring of evasion]

   EV:        It affects your evasion (+5).
   Dex:       It affects your dexterity (+5).
   rC:        It greatly protects you from cold.
   rElec:     It insulates you from electricity.
 O - a +4 ring of protection (on tentacle)
   (You found it on level 4 of the Lair of Beasts)
 S - a +6 ring of strength (right tentacle)
   (You found it on level 7 of the Dungeon)
 U - a ring of willpower
   (You found it on level 12 of the Dungeon)
 W - the amulet "Jisick" (around mantle) {RegenMP Fly Regen+ Int+3}
   (You acquired it on level 3 of the Swamp)

   [amulet of magic regeneration]

   It increases your rate of magic regeneration.
   Int:       It affects your intelligence (+3).
   Fly:       It grants you flight.
   Regen:     It increases your rate of health regeneration.
 X - the ring of the Cockroach (left tentacle) {rF+ Dex+6}
   (You found it on level 3 of the Elven Halls)

   [ring of dexterity]

   Dex:       It affects your dexterity (+6).
   rF:        It protects you from fire.
 Z - the ring "Ytothrat" (on tentacle) {Wiz rPois rC- rN++ Will+}
   (You found it on level 11 of the Dungeon)

   [ring of wizardry]

   It improves your spell success rate.
   rC:        It makes you vulnerable to cold.
   rPois:     It protects you from poison.
   rN:        It greatly protects you from negative energy.
   Will:      It increases your willpower.
Talismans
 f - a talisman of death
   (You bought it in a shop on level 1 of the Vaults)
 N - a granite talisman
   (You took it off Roxanne on level 1 of the Spider Nest)
Wands
 M - a wand of digging (27)
   (You found it on level 4 of the Lair of Beasts)
 P - a wand of quicksilver (57)
   (You found it in a volcano)
 T - a wand of iceblast (53)
   (You found it on level 11 of the Dungeon)
Scrolls
 d - 6 scrolls of fog
 n - 3 scrolls of blinking {!r}
 p - 7 scrolls of amnesia
 r - 9 scrolls of poison
 s - 5 scrolls of summoning
 t - 18 scrolls of teleportation {@r4}
 z - 5 scrolls of immolation {!r!r}
 I - 8 scrolls of fear
 J - 7 scrolls of revelation
 K - 7 scrolls of enchant armour
 L - 5 scrolls of brand weapon
 R - 4 scrolls of silence {!r}
 V - 6 scrolls of torment {!r}
 Y - 8 scrolls of enchant weapon
Potions
 a - 6 potions of lignification {!q}
 h - 8 potions of enlightenment
 i - 6 potions of invisibility
 j - 18 potions of curing {@q1}
 k - 5 potions of magic
 l - 5 potions of mutation {!q}
 m - 3 potions of berserk rage {!q}
 o - 10 potions of resistance
 w - 8 potions of attraction {!q}
 x - 4 potions of cancellation
 y - 5 potions of brilliance
 A - 6 potions of haste {@q3}
 B - 3 potions of might
 C - 10 potions of heal wounds {@q2}
 Q - 9 potions of ambrosia

Dungeon Overview and Level Annotations

Branches:
Dungeon (15/15) Zot: 24090  Temple (1/1) D:4 Zot: 5938    Lair (5/5) D:11 Zot: 23822
  Swamp (4/4) Lair:2 Zot: 20187  Spider (4/4) Lair:3 Zot: 16973   Slime (5/5) Lair:4 Zot: 25318
    Orc (2/2) D:10 Zot: 9368     Elf (3/3) Orc:2 Zot: 13301  Vaults (5/5) D:13 Zot: 19231
  Crypt (3/3) Vaults:2 Zot: 14016    Tomb (0/3) Crypt:3      Depths (4/4) D:15 Zot: 17046
    Zot (4/5) Depths:4 Zot: 19156  Bailey (visited)           IceCv (visited)
Volcano (visited)         Gauntlet (visited)

Altars:
Ashenzari
Cheibriados
Dithmenos
Elyvilon
Fedhas
Gozag
Hepliaklqana
Kikubaaqudgha
Makhleb
Nemelex Xobeh
Okawaru
Qazlal
Ru
Sif Muna
Trog
Uskayaw
Vehumet
Wu Jian
Xom
Yredelemnul
Zin
The Shining One
Jiyva
Lugonu

Shops:
D:1 =   D:2 *   D:6 !   D:7 *[   Orc:1 [   Orc:2 *:?(   Elf:3 ?   Vaults:1 =
Vaults:2 (   Vaults:3 (**   Vaults:5 [   Depths:3 !

Portals:
Hell: Depths:1 Depths:2 Depths:3 Depths:4
Abyss: Lair:5 Depths:3 Depths:4
Pandemonium: Orc:2 Depths:2 Depths:4
Ziggurat: Depths:1

Annotations:
Zot:3 1 transporter

.### #.. ## ###########
##. #....d...### ##
###### ##..dq2##########
#### )#(#[#
#####.#..##.....# ###...
###### ####z#.#y##.....#
#..... $#$#$#
###.#d.#.##.....####.....
######
.#.#.#D#.##.....#..#....#
/#©#|#
d2..y.qXz......©#©......#
######
.dq..X.*XD......#..#..###
?#!#?#
##..##*#2.#.....####..##.
###### ###..#dy.##.....#
#..##. =#$#=#
####qX..###.....# #####.
###### ##.....##########
###< ### #........###
#... ..## ###########
##... ...## #....


You could see 2 orbs of fire, 4 tentacled monstrosities, a green draconian monk,
2 storm dragons, 2 draconians, a green draconian, a purple draconian, a red
draconian, 3 cacodemons, a purple draconian shifter, a death cob, a white
draconian stormcaller, a red draconian scorcher and 3 moths of wrath.


Message History

You now have 80 max hp (-181).
Casting: Ignition (dangerous; 2% risk of failure)
Confirm with . or Enter, or press ? or * to list all spells.
Casting: Ignition (dangerous; 2% risk of failure)
Press: ? - help, Dir - look around, f - activate
Okay, then.
The tentacled monstrosity attacks as you move away!
The tentacled monstrosity completely misses you.
The tentacled monstrosity tentacle-slaps you.
The tentacled monstrosity tentacle-slaps you but does no damage.
The tentacled monstrosity barely misses you.
The moth of wrath's fur bristles in rage as it notices you. 😕 HP[-5]
You take 5 damage, and now have 75/80 hp.
The moth of wrath's fur bristles in rage as it notices you.
You hit the tentacled monstrosity but do no damage.
The tentacled monstrosity closely misses you.
The tentacled monstrosity tentacle-slaps you.
The tentacled monstrosity misses you. The tentacled monstrosity grabs you.
The tentacled monstrosity constricts you.
The cacodemon gestures next to you.
Some rock shatters into small pieces.
The cacodemon gestures next to the tentacled monstrosity.
Some rock shatters into small pieces.
The moth of wrath goads the storm dragon on!
The storm dragon goes berserk! 😕 HP[-10]
You take 10 damage, and now have 65/80 hp. [a] - 459 gold - lignification, might and resistance [b] - 432 gold - might, brilliance and resistance [c] - 240 gold - invisibility and might Purchase which effect?
You feel very mighty all of a sudden.
You feel clever all of a sudden.
You feel protected.
The storm dragon rages.
The tentacled monstrosity misses you.
The tentacled monstrosity tentacle-slaps you!
The tentacled monstrosity closely misses you.
The tentacled monstrosity constricts you.
The cacodemon gestures at the translucent rock wall.
Some rock shatters into small pieces.
You hear a roar! 😮 HP[-15]
You take 15 damage, and now have 50/80 hp.
Unknown command. [a] - 390 gold - resistance and enlightenment [b] - 357 gold - lignification, might and resistance [c] - 168 gold - heal wounds and curing Purchase which effect?
You feel much better.
You feel better.
The storm dragon rages.
The storm dragon completely misses you. x2
The storm dragon tramples you but does no damage.
The cacodemon completely misses you. The cacodemon hits you!
The tentacled monstrosity completely misses you. x2
The tentacled monstrosity barely misses you.
The tentacled monstrosity constricts you. 😕 HP[+12]
You regained 12 hp, and now have 62/80 hp.
Casting: Ignition (dangerous; 2% risk of failure)
Confirm with . or Enter, or press ? or * to list all spells.
Casting: Ignition (dangerous; 2% risk of failure)
Press: ? - help, Dir - look around, f - activate
Okay, then.
Really read
n - 5 scrolls of blinking {!r}?
Blink to where?
Press: ? - help, Dir - move target The tentacled monstrosity's grasp on you weakens, but your attempt to escape fails.
As you read the scroll of blinking {!r}, it crumbles to dust.
The storm dragon bites you!!
* * * LOW HITPOINT WARNING * * *
The storm dragon misses you. The storm dragon tramples you!
* * * LOW HITPOINT WARNING * * *
You are held in place!
The moth of wrath goads the storm dragon on!
The storm dragon goes berserk!
The storm dragon misses you.
The storm dragon completely misses you. x2
The orb of fire glows yellow.
The bolt of fire hits you! You resist.
* * * LOW HITPOINT WARNING * * *
The tentacled monstrosity tentacle-slaps you.
* * * LOW HITPOINT WARNING * * *
The tentacled monstrosity misses you.
The tentacled monstrosity completely misses you.
The tentacled monstrosity constricts you.
* * * LOW HITPOINT WARNING * * *
The cacodemon gestures next to the green draconian monk.
Some rock shatters into small pieces. 😱 HP[-56]
You take 56 damage, and now have 6/80 hp.
MASSIVE DAMAGE!! (PAUSE) Really read
n - 4 scrolls of blinking {!r}?
Blink to where?
Press: ? - help, Dir - move target The tentacled monstrosity's grasp on you weakens, but your attempt to escape fails.
As you read the scroll of blinking {!r}, it crumbles to dust.
The storm dragon bites you!
You die...
Your body crumbles into a pile of gold.

Skill      XL: |  1  2  3  4  5  6  7  8  9 10 11 12 13 14 15 16 17 18 19 20 21 22 23 24 25 26 27 |
---------------+----------------------------------------------------------------------------------+-----
Fighting       | 2 3 4 5 6 8 9 10 12 13 14 15 16 17 18 20 21 27 | 27.0
Dodging        | 3 4 5 7 8 9 10 12 13 14 15 16 17 18 20 21 | 21.3
Unarmed Combat | 4 |  4.0
Maces & Flails | 2 4 6 7 8 9 10 11 12 13 14 | 14.0
Shapeshifting  | 4 5 6 7 8 9 10 11 12 14 15 | 15.0
Stealth        | 7 10 13 18 20 21 | 21.2
Translocations | 2 6 8 9 11 12 | 12.3
Throwing       | 2 6 8 |  8.4
Transmutations | 1 7 8 |  8.0
Spellcasting   | 1 7 9 10 12 | 12.0
Hexes          | 1 7 8 |  8.0
Conjurations   | 8 |  8.0
Fire Magic     | 13 19 21 | 21.0
Ice Magic      | 1 |  1.4
Earth Magic    | 3 |  3.9

Action                     |  1- 3 |  4- 6 |  7- 9 | 10-12 | 13-15 | 16-18 | 19-21 | 22-24 | 25-27 || total
---------------------------+-------+-------+-------+-------+-------+-------+-------+-------+-------++-------
  Melee: Unarmed           |    56 |    56 |       |       |       |       |       |       |       ||   112
         Constrict         |    15 |    19 |    33 |    73 |   130 |   180 |   146 |   146 |   247 ||   989
         Tentacles         |     5 |    13 |    24 |    77 |   164 |   283 |   277 |   284 |   641 ||  1768
         Punch             |     1 |       |     6 |    10 |    42 |    40 |    40 |    45 |   104 ||   288
         Dire flail        |       |    11 |   105 |   314 |   563 |   954 |   779 |   948 |  1682 ||  5356
         Kick              |       |       |       |       |       |       |       |       |     9 ||     9
  Throw: Dart              |     3 |     4 |       |    14 |     1 |     7 |       |       |       ||    29
         Stone             |     1 |       |       |       |       |       |       |       |       ||     1
         Throwing net      |       |       |       |     1 |       |       |       |       |       ||     1
         Boomerang         |       |       |       |       |       |     1 |       |       |       ||     1
   Cast: Blink             |       |       |       |       |     1 |       |       |       |       ||     1
         Manifold Assault  |       |       |       |       |       |   101 |     5 |    55 |    52 ||   213
         Lesser Beckoning  |       |       |       |       |       |       |     2 |       |    21 ||    23
         Yara's Violent Un |       |       |       |       |       |       |       |    38 |     5 ||    43
         Irradiate         |       |       |       |       |       |       |       |       |     7 ||     7
         Ignition          |       |       |       |       |       |       |       |       |    52 ||    52
 Invoke: Potion Petition   |       |       |       |       |     1 |       |       |     9 |    12 ||    22
         Call Merchant     |       |       |       |       |       |       |     1 |       |       ||     1
Ability: Begin Untransform |       |       |       |     1 |     1 |       |       |       |       ||     2
  Evoke: Wand              |       |       |       |       |     1 |     3 |       |     2 |     7 ||    13
    Use: Scroll            |     3 |       |     4 |    10 |     9 |    13 |     2 |     1 |     6 ||    48
         Potion            |       |       |     1 |       |     5 |     3 |     5 |       |     9 ||    23
   Stab: Sleeping          |     5 |     8 |     2 |    30 |    39 |    37 |    63 |    29 |    47 ||   260
         Distracted        |       |       |     2 |     8 |    23 |    25 |    38 |    62 |    74 ||   232
         Invisible         |       |       |       |       |     2 |       |       |       |     1 ||     3
         Petrified         |       |       |       |       |       |     4 |       |       |       ||     4
 Armour: Skin              |     3 |     3 |     1 |       |     8 |    80 |   199 |   237 |   508 ||  1039
  Dodge: Dodged            |    28 |    36 |    62 |   274 |   388 |   808 |  1043 |  1091 |  2601 ||  6331
   Form: Beast             |       |       |       |     1 |       |     1 |       |       |       ||     2
         Statue            |       |       |       |       |       |     1 |       |       |     2 ||     3
         Death             |       |       |       |       |       |       |       |       |     3 ||     3

Levels and vault maps discovered:
D:1:      dpeg_arrival_stonehenge_12_columns, layout_basic, serial_shops,
          nicolae_shop_statue_plus
D:2:      minmay_wonky_spiral, layout_loops_ring, basic_ecumenical_altar,
          serial_shops, nicolae_shop_advertising_works
          [nicolae_subvault_shop_adworks], st_stairs_9
D:3:      layout_basic, nicolae_overflow_squiral, uniq_grinder
D:4:      layout_layer_cave, minmay_temple_entry_statues_pillars
D:5:      layout_cave_pools
D:6:      layout_loops_ring, lemuel_coloured_pillars_altar, serial_shops, shop,
          st_stairs_11, uniq_crazy_yiuf_cottage, uniq_blork_the_orc
D:7:      layout_rooms, serial_shops, nicolae_shop_trees, gammafunk_ghost_grave,
          nicolae_shop_sticking_my_neck_out
D:8:      layout_loops_ring, serial_bayou, serial_bayou_shore_b,
          serial_bayou_lagoon_a, serial_bayou_pond_e, serial_bayou_crossing,
          enter_bailey_5
D:9:      layout_small_grid, uniq_harold, uniq_grum
D:10:     layout_basic, lemuel_crystal_altar, minitemple, orc_0_dummy,
          nicolae_houndstooth_variations, uniq_lodul
D:11:     minmay_the_grid_3x2 [minmay_the_grid_armoury,
          minmay_the_grid_tiny_cups, minmay_the_grid_x,
          minmay_the_grid_dragon_b, minmay_the_grid_diamond_grid,
          minmay_the_grid_prize_trominoes], layout_small_grid, erik_lair_dragon
D:12:     layout_loops_ring, gauntlet_entry_generic,
          minmay_fractal_squares_gapless_7
D:13:     layout_irregular_city, lightli_vaults_fourway_checkpoint,
          serial_rivers, chequers_serial_rivers_small_a,
          chequers_serial_rivers_micro_d, chequers_serial_rivers_room_b,
          chequers_serial_rivers_small_3, minmay_ruined_shrine, uniq_urug,
          uniq_frances, uniq_snorg, uniq_azrael, uniq_rupert
D:14:     layout_basic, serial_curves, eino_curves_03, eino_curves_01,
          minmay_misc_feat_x
D:15:     grunt_enter_depths_magical_seal, layout_rooms, fedhas_altar_2,
          uniq_louise
Temple:   nicolae_temple_superstar
Lair:1:   layout_regular_city
Lair:2:   wad_woods_minihive, layout_hall_layers, nicolae_swamp_entry_spooky,
          st_stairs_9, chequers_serial_rivers_small_b,
          infiniplex_staircase_pool_2
Lair:3:   layout_layer_cave, spider_nest_entry_webs
Lair:4:   layout_regular_city, slime_entry_1
Lair:5:   hellmonk_lair_end_abyssal_woods, layout_gridlike,
          nicolae_volcano_entry_hallway, uniq_kirke
Swamp:1:  layout_basic_swamp, nicolae_swamp_tree_isthmus
Swamp:2:  layout_basic_swamp, evilmike_swamp_ruin_house_5
Swamp:3:  layout_basic_swamp, nicolae_swamp_ascending_descending,
          nicolae_swamp_fairy_circle
Swamp:4:  grunt_swamp_rune_castle, layout_basic_swamp,
          portal_ice_cave_entry_ice_simulacra
Spider:1: layout_cave_pods, uniq_roxanne
Spider:2: spider_temple_joshua
Spider:3: layout_spider_delve, nicolae_spider_circle_web, drop_trap, uniq_aizul
Spider:4: grunt_spider_rune_circles
Slime:1:  layout_caves, cheibrodos_slime_lost_civilization_5
Slime:2:  layout_caves
Slime:3:  layout_caves
Slime:4:  cheibrodos_slime_lost_civilization_9, layout_caves
Slime:5:  slime_pit_nicolae_amoeboid
Orc:1:    layout_caves, serial_shops, nicolae_shop_tiny_real_fake_doors
Orc:2:    pf_orc_diabolical, layout_caves
Elf:1:    eino_elf_arrival_altar, layout_loops_ring,
          minmay_elf_crystal_heptagon, minivault_8
Elf:2:    nicolae_elf_blades_crystal_corner, layout_onion_city
Elf:3:    elf_hall, layout_rooms, serial_shops, shop, grunt_megastairs_5
Vaults:1: ebering_ghost_reflecting_pool, vaults_standard_mumra_x,
          hangedman_vaults_restitches, v_misc_9,
          nicolae_vaults_trapezoid_lopsided_2, ontoclasm_vaults_chip,
          vaults_room_grid, nicolae_vaults_ring_of_whatevers, v_misc_15,
          grunt_vaults_hallway_short, nicolae_vaults_layer_cake_slice,
          nicolae_vaults_tangram_2, vaults_room_door_hall,
          vaults_room_door_ring, layout_vaults_omnicross
Vaults:2: gammafunk_ghost_split, minmay_crypt_entry_simple_box, st_cross,
          hangedman_vaults_maws, hangedman_vaults_nodes,
          dpeg_vaults_monster_row, nicolae_vaults_three_branches,
          vaults_room_corners, v_pattern_4, nicolae_vaults_trapezoid_lopsided_4,
          nicolae_vaults_little_squares_2, layout_vaults_maze_bifur,
          serial_shops, nicolae_shop_statue_plus
Vaults:3: hangedman_vaults_pinch, ontoclasm_vaults_gateway, v_rooms_4,
          ontoclasm_vaults_loading_screen, v_misc_11,
          nicolae_vaults_tetromino_T_2, layout_vaults_quadrants, serial_shops,
          nicolae_shop_just_a_little_nook, shop, shop, uniq_mennas
Vaults:4: serial_ice_m, vaults_room_corners, v_rooms_6,
          nicolae_vaults_trapezoid_layered, vaults_room_hallway,
          nicolae_vaults_tetromino_L_1, nicolae_vaults_heart-shaped_vault,
          nicolae_vaults_shipping_containers_3, hangedman_vaults_cutoff,
          grunt_vaults_hallway_short, vaults_dpeg_hooks,
          nicolae_vaults_yaktaur_gun_rack, layout_vaults_chaotic_city
Vaults:5: serial_shops
Crypt:1:  layout_rooms, nicolae_crypt_niches, uniq_vv
Crypt:2:  layout_misc_corridors, ebering_ghost_rock_garden, grunt_megastairs_2
Crypt:3:  cryptofortress_bobbens
Depths:1: layout_cave_shapes, enter_ziggurat_d, hangedman_decor_push,
          hell_entry, st_stairs_9, roderic_serpentine_path, zin_scriptorium
Depths:2: wad_guarded_room, layout_basic, rand_demon_pan_entry_7, hell_entry,
          nicolae_ru_the_path_less_chosen, uniq_bai_suzhen, uniq_josephina
Depths:3: nicolae_aperiodic_l_corner, layout_cave_pools, abyss_entry,
          elyvilon_altar_5, hell_entry, serial_shops,
          nicolae_shop_back_alley_shop
Depths:4: evilmike_zot_entry_round, layout_basic, abyss_entry,
          yredelemnul_altar_generic, grunt_mini_vestibule,
          rand_demon_pan_entry_3
Zot:1:    layout_cathedral_of_symmetry, uniq_grunn
Zot:2:    layout_onion, grunt_megastairs_3, uniq_parghit
Zot:3:    gammafunk_dig_for_victory, layout_onion_interference
Zot:4:    layout_onion, gammafunk_ghost_grave

Notes
Turn   | Place    | Note
-------+----------+-------------------------------------------
     0 | D:1      | spiderkeys the Octopode Shapeshifter began the quest for
                  | the Orb.
     0 | D:1      | Reached XP level 1. HP: 13/13 MP: 1/1
     0 | D:1      | magus.rc [v1.11.3]
     0 | D:1      | Upgraded the game from 0.31-a0-345-g1ebeae05c6 to
                  | 0.31-a0-354-g827e0957a7
     0 | D:1      | magus.rc [v1.11.3]
    72 | D:1      | Found Jusoe's Jewellery Shop.
    76 | D:1      | Reached XP level 2. HP: 17/18 MP: 2/2
   337 | D:1      | Reached XP level 3. HP: 14/23 MP: 3/3
   821 | D:2      | Found a faded altar of an unknown god.
  1010 | D:2      | Reached skill level 2 in Fighting
  1054 | D:2      | Reached XP level 4. HP: 29/29 MP: 4/4
  1396 | D:2      | Found Buiseli's General Store.
  1411 | D:2      | Reached skill level 3 in Dodging
  1411 | D:2      | Reached XP level 5. HP: 32/35 MP: 5/5
  1450 | D:2      | Bought a potion of curing for 33 gold pieces
  1826 | D:2      | Identified the +5 ring mail of Henijiokk {rElec rN+ Str-4}
  2127 | D:3      | Noticed Grinder
  2223 | D:3      | You fall into a shaft and drop 1 floor!
  2299 | D:3      | Found a hazy altar of Hepliaklqana.
  2300 | D:3      | Found an ancient bone altar of Kikubaaqudgha.
  2374 | D:3      | Identified the +1 pair of boots "Xusoru" {*Corrode rC-
                  | Dex+8 SInv}
  2454 | D:3      | Identified the +11 dire flail "Qenliub" {spect, rElec rN++
                  | Str+3 Dex-3}
  2495 | D:3      | Reached skill level 4 in Unarmed Combat
  2894 | D:3      | Killed Grinder
  2895 | D:3      | Reached skill level 3 in Fighting
  2895 | D:3      | Reached skill level 2 in Maces & Flails
  2895 | D:3      | Reached skill level 4 in Shapeshifting
  2895 | D:3      | Reached XP level 6. HP: 42/42 MP: 6/6
  2925 | D:4      | Reached XP level 7. HP: 46/46 MP: 7/7
  3065 | D:4      | Reached skill level 4 in Dodging
  3124 | D:4      | You pick up a book of the Hunter and begin reading...
  3124 | D:4      | You add the spells Call Canine Familiar, Portal Projectile
                  | and Leda's Liquefaction to your library.
  3254 | D:4      | Found a staircase to the Ecumenical Temple.
  3261 | Temple   | Entered the Ecumenical Temple
  3301 | Temple   | Became a worshipper of Gozag Ym Sagoz the Greedy
  3341 | D:4      | Reached skill level 3 in Maces & Flails
  4248 | D:5      | Entered Level 5 of the Dungeon
  4323 | D:5      | Reached skill level 4 in Fighting
  4355 | D:5      | Reached skill level 4 in Maces & Flails
  4401 | D:5      | Reached XP level 8. HP: 54/54 MP: 8/8
  4817 | D:6      | Noticed Blork the orc
  4822 | D:6      | Killed Blork the orc
  4890 | D:6      | Reached skill level 5 in Maces & Flails
  4890 | D:6      | Reached skill level 5 in Dodging
  5073 | D:6      | Reached skill level 5 in Shapeshifting
  5090 | D:6      | Reached skill level 5 in Fighting
  5115 | D:6      | Reached skill level 6 in Maces & Flails
  5115 | D:6      | Reached XP level 9. HP: 61/61 MP: 9/9
  5125 | D:6      | You add the spells Vampiric Draining, Agony and Maxwell's
                  | Capacitive Coupling to your library.
  5125 | D:6      | Got the Tome of Meteoric Rot
  5196 | D:6      | Found a shimmering blue altar of Sif Muna.
  5230 | D:6      | Found a runed translucent door.
  5231 | D:6      | Noticed Crazy Yiuf
  5399 | D:6      | Found Ifabaemo's Distillery.
  5407 | D:6      | Bought a potion of heal wounds for 65 gold pieces
  5788 | D:6      | Killed Crazy Yiuf
  5892 | D:7      | Reached skill level 6 in Dodging
  5980 | D:7      | Found Osodor's Antique Armour Shop.
  5992 | D:7      | Reached skill level 6 in Fighting
  6092 | D:7      | Found a runed translucent door.
  6093 | D:7      | Noticed howech's ghost (novice MiBe)
  6119 | D:7      | Reached skill level 6 in Shapeshifting
  6216 | D:7      | Found Usiblah's Neck Hole.
  6280 | D:7      | Identified the +1 rapier of Due Proportion {flame, rF+ rN+
                  | Int+3 Dex-4}
  6428 | D:7      | Identified a scroll of acquirement
  6428 | D:7      | Acquired the ring "Bugo" {rPois rC+ Str+3 Stlth+}
  6466 | D:7      | Killed howech's ghost
  6467 | D:7      | Reached skill level 7 in Dodging
  6467 | D:7      | Reached XP level 10. HP: 69/69 MP: 10/10
  6583 | D:8      | Found a flagged portal.
  6592 | D:8      | Reached skill level 7 in Fighting
  6615 | Bailey   | Entered a bailey
  6699 | Bailey   | Noticed a gargoyle
  6705 | Bailey   | Killed a gargoyle
  6706 | Bailey   | Reached skill level 7 in Shapeshifting
  6733 | Bailey   | Identified the +6 short sword of the Rescuing Oracle
                  | {freeze, rElec rCorr Int+4 SInv}
  6773 | Bailey   | Reached skill level 8 in Dodging
  6972 | D:8      | Reached skill level 8 in Fighting
  7140 | D:8      | Noticed a boulder beetle
  7159 | D:8      | Killed a boulder beetle
  7604 | D:8      | Reached XP level 11. HP: 77/78 MP: 11/11
  7903 | D:1      | Bought the ring of Wiusenu {rElec rC++ EV+5 Dex+5} for 780
                  | gold pieces
  7904 | D:1      | Bought a ring of see invisible for 150 gold pieces
  8078 | D:9      | Reached skill level 9 in Dodging
  8092 | D:9      | You add the spells Blink and Manifold Assault to your
                  | library.
  8171 | D:9      | Reached skill level 8 in Shapeshifting
  8183 | D:9      | Reached skill level 1 in Stealth
  8230 | D:9      | Noticed Harold
  8416 | D:8      | Killed Harold
  8417 | D:8      | Reached skill level 9 in Fighting
  8417 | D:8      | Reached skill level 2 in Stealth
  8467 | D:9      | Reached skill level 3 in Stealth
  8483 | D:9      | Reached skill level 7 in Maces & Flails
  8592 | D:9      | Noticed Grum
  8596 | D:9      | Noticed a two-headed ogre
  8597 | D:9      | Killed Grum
  8598 | D:9      | Reached skill level 4 in Stealth
  8609 | D:9      | Killed a two-headed ogre
  8611 | D:9      | Reached skill level 5 in Stealth
  8722 | D:9      | Identified the +1 scale mail of Hubris {Str-2 Int-3 Dex+6
                  | Stlth+}
  8980 | D:10     | Entered Level 10 of the Dungeon
  9012 | D:10     | Noticed Lodul
  9083 | D:10     | Found a staircase to the Orcish Mines.
  9126 | D:10     | Found a shimmering altar of Xom.
  9132 | D:10     | Found a sacrificial altar of Ru.
  9142 | D:10     | Found a white marble altar of Elyvilon.
  9261 | D:10     | Noticed a two-headed ogre
  9269 | D:10     | Killed a two-headed ogre
  9270 | D:10     | Reached skill level 6 in Stealth
  9570 | D:10     | Found a blossoming altar of Fedhas.
  9992 | D:10     | Reached skill level 7 in Stealth
 10002 | D:10     | Killed Lodul
 10003 | D:10     | Reached XP level 12. HP: 86/86 MP: 12/12
 10169 | D:11     | Noticed a fire dragon
 10221 | Orc:1    | Entered Level 1 of the Orcish Mines
 10284 | Orc:1    | Reached skill level 8 in Stealth
 10501 | Orc:1    | Reached skill level 8 in Maces & Flails
 10589 | Orc:1    | Found Deec's Antique Armour Emporium.
 10599 | Orc:2    | Entered Level 2 of the Orcish Mines
 10618 | Orc:2    | Reached skill level 10 in Dodging
 10661 | Orc:2    | Noticed a soul eater
 10667 | Orc:2    | Reached skill level 9 in Stealth
 10675 | Orc:2    | Reached skill level 10 in Fighting
 10828 | Orc:2    | Noticed an orc high priest
 10834 | Orc:2    | Noticed a two-headed ogre
 10841 | Orc:2    | Killed an orc high priest
 10844 | Orc:2    | Killed a two-headed ogre
 10845 | Orc:2    | Reached skill level 10 in Stealth
 10845 | Orc:2    | Reached skill level 9 in Shapeshifting
 11083 | Orc:2    | Found Diukk's Magic Scroll Shoppe.
 11085 | Orc:2    | Found Wyweg's General Store.
 11269 | Orc:2    | Noticed a soul eater
 11507 | Orc:2    | Bought 2 scrolls of identify for 48 gold pieces
 11509 | Orc:2    | Bought a scroll of acquirement for 572 gold pieces
 11509 | Orc:2    | Acquired a +1 hat of intelligence
 11625 | Orc:2    | Noticed an orc high priest
 11653 | Orc:2    | Killed an orc high priest
 11654 | Orc:2    | Reached XP level 13. HP: 63/94 MP: 13/13
 11826 | Orc:2    | Reached skill level 11 in Dodging
 11842 | Orc:2    | Reached skill level 11 in Fighting
 12043 | Orc:2    | Reached skill level 10 in Shapeshifting
 12138 | Orc:2    | Found Istimnef's Book Shop.
 12138 | Orc:2    | Found Narr's Antique Weapon Boutique.
 12141 | Orc:2    | Reached skill level 12 in Fighting
 12141 | Orc:2    | Reached skill level 12 in Dodging
 12145 | Orc:2    | Found a one-way gate leading to the halls of Pandemonium.
 12286 | Orc:2    | Found a staircase to the Elven Halls.
 12398 | Orc:1    | Noticed an orc warlord
 12483 | Orc:1    | Killed an orc warlord
 12721 | D:11     | Killed a fire dragon
 12819 | D:11     | You pick up a book of Death and begin reading...
 12819 | D:11     | You add the spells Haunt and Infestation to your library.
 12830 | D:11     | Learned a level 2 spell: Blink
 12865 | D:11     | Identified the ring "Ytothrat" {Wiz rPois rC- rN++ Will+}
 12891 | D:11     | Reached skill level 1 in Translocations
 13086 | D:11     | Reached skill level 2 in Translocations
 13129 | D:11     | Found a staircase to the Lair.
 13132 | D:11     | Reached XP level 14. HP: 104/104 MP: 14/14
 13282 | D:11     | Identified the +5 mace of Xido Pey {flame, rElec rPois rC++
                  | Int-2}
 13407 | D:11     | Reached skill level 3 in Translocations
 13792 | Lair:1   | Entered Level 1 of the Lair of Beasts
 14382 | Lair:1   | Reached skill level 13 in Dodging
 14389 | Lair:1   | You pick up a book of Scorching and begin reading...
 14389 | Lair:1   | You add the spells Scorch, Flame Wave and Summon Cactus
                  | Giant to your library.
 14503 | Lair:2   | Reached skill level 4 in Translocations
 14510 | Lair:2   | Reached skill level 13 in Fighting
 14851 | Lair:2   | Found a staircase to the Swamp.
 14965 | Lair:2   | Reached skill level 5 in Translocations
 15666 | Lair:3   | Identified the +8 mace of the Postmodern Stars {venom,
                  | *Corrode Str+4 Dex+3}
 15733 | Lair:3   | Reached skill level 9 in Maces & Flails
 15981 | Lair:3   | Found a hole to the Spider Nest.
 16718 | Lair:4   | Reached skill level 6 in Translocations
 16792 | Lair:4   | Found a viscous altar of Jiyva.
 16793 | Lair:4   | Found a staircase to the Slime Pits.
 16998 | Lair:4   | You pick up a book of the Hunter and begin reading...
 17113 | Lair:4   | Learned a level 4 spell: Manifold Assault
 17180 | Lair:4   | Reached XP level 15. HP: 48/111 MP: 15/15
 17291 | Lair:4   | Reached skill level 7 in Translocations
 17526 | Lair:4   | Identified the ring of Xevun {rF+ rN+ MP+9 Str-2}
 17776 | Lair:5   | Entered Level 5 of the Lair of Beasts
 17785 | Lair:5   | Noticed Kirke
 17794 | Lair:5   | Killed Kirke
 18076 | Lair:5   | Reached skill level 8 in Translocations
 18077 | Lair:5   | Reached skill level 11 in Shapeshifting
 18126 | Lair:5   | Found a dark tunnel.
 18144 | Volcano  | Entered a volcano
 18172 | Volcano  | HP: 23/112 [salamander/+4 vampiric halberd (9)]
 18334 | Volcano  | Found the +3 pair of seven-league boots {Rampage+∞}
 18351 | Volcano  | Reached skill level 10 in Maces & Flails
 18488 | Lair:5   | You pick up a book of the Wilderness and begin reading...
 18488 | Lair:5   | You add the spells Summon Forest and Summon Mana Viper to
                  | your library.
 18851 | Lair:5   | Reached skill level 14 in Fighting
 18851 | Lair:5   | Reached skill level 14 in Dodging
 19227 | Lair:5   | You pick up a book of Changes and begin reading...
 19227 | Lair:5   | You add the spells Wereblood and Irradiate to your library.
 19364 | Lair:5   | Found a corrupted altar of Lugonu.
 19364 | Lair:5   | Found a one-way gate to the infinite horrors of the Abyss.
 19382 | Lair:5   | Identified the +7 hand axe "Wimoneb" {elec, rN+ Dex+2
                  | Stlth+}
 19466 | Lair:5   | You pick up a book of Sloth and begin reading...
 19466 | Lair:5   | You add the spells Frozen Ramparts, Petrify and Metabolic
                  | Englaciation to your library.
 19788 | D:12     | Found a gate leading to a gauntlet.
 19803 | Gauntlet | Entered a Gauntlet
 19803 | Gauntlet | Found a runed translucent door.
 19803 | Gauntlet | Found a transporter.
 19803 | Gauntlet | Found a runed translucent door.
 19803 | Gauntlet | Found a transporter.
 19804 | Gauntlet | Found a runed translucent door.
 19805 | Gauntlet | Found a transporter.
 19807 | Gauntlet | Found a transporter.
 19808 | Gauntlet | Found a transporter.
 19845 | Gauntlet | Found a transporter.
 19847 | Gauntlet | Found a transporter.
 19847 | Gauntlet | Found a transporter.
 19852 | Gauntlet | Found a runed translucent door.
 19864 | Gauntlet | Found a transporter.
 19875 | Gauntlet | Found a transporter.
 19877 | Gauntlet | Found a runed translucent door.
 19885 | Gauntlet | Found a transporter.
 19889 | Gauntlet | Found a transporter.
 19925 | Gauntlet | Found a transporter.
 19937 | Gauntlet | Found a transporter.
 19994 | Gauntlet | You pick up a book of Conjurations and begin reading...
 19994 | Gauntlet | You add the spells Magic Dart, Searing Ray and Fulminant
                  | Prism to your library.
 20193 | Gauntlet | Identified +0 gold dragon scales
 20198 | Gauntlet | Found the +3 robe of Clouds {*Thunder rCloud rElec}
 20205 | Gauntlet | a +4 bardiche of distortion {!w}; 4 javelins; +0 gold
                  | dragon scales {rare}
 20206 | Gauntlet | a +4 bardiche of distortion {!w}; 4 javelins; +0 gold
                  | dragon scales {rare}
 20206 | Gauntlet | a +4 bardiche of distortion {!w}; 4 javelins; +0 gold
                  | dragon scales {rare}
 20213 | Gauntlet | You add the spells Passage of Golubria and Dispersal to
                  | your library.
 20213 | Gauntlet | Got the Codex of Relocation
 20227 | Gauntlet | You add the spells Sandblast, Passwall and Lehudib's
                  | Crystal Spear to your library.
 20227 | Gauntlet | Got the Catalogue of Amathomancy
 20512 | D:12     | Reached XP level 16. HP: 120/120 MP: 16/16
 21107 | D:13     | Noticed Azrael
 21123 | D:13     | Noticed Frances
 21134 | D:13     | Killed Frances
 21355 | D:13     | Killed Azrael
 21356 | D:13     | Reached skill level 11 in Maces & Flails
 21485 | D:13     | Noticed Urug
 21492 | D:13     | Found a burning altar of Makhleb.
 21503 | D:13     | Killed Urug
 21744 | D:13     | Noticed Rupert
 21755 | D:13     | Killed Rupert
 21855 | D:13     | a +4 triple sword of electrocution {rare}; a +0 ring mail
 21942 | D:13     | Found a gate to the Vaults.
 21997 | D:13     | Noticed Snorg
 22008 | D:13     | Killed Snorg
 22118 | D:13     | You pick up a book of Hexes and begin reading...
 22118 | D:13     | You add the spells Anguish, Cause Fear and Enfeeble to your
                  | library.
 22395 | D:13     | Reached skill level 12 in Shapeshifting
 22467 | D:14     | Identified the +5 mace of Immorality {venom, Will+ Int+3}
 23172 | D:15     | Entered Level 15 of the Dungeon
 23177 | D:15     | Noticed Louise
 23191 | D:15     | Killed Louise
 23203 | D:15     | Reached skill level 15 in Dodging
 23212 | D:15     | Reached skill level 15 in Fighting
 23232 | D:15     | a +0 eveningstar of holy wrath {rare}; a +0 chain mail; a
                  | +0 tower shield
 23715 | D:15     | Reached skill level 9 in Translocations
 23850 | D:15     | Found a blossoming altar of Fedhas.
 23920 | D:15     | Reached XP level 17. HP: 127/127 MP: 17/17
 23924 | D:15     | Reached skill level 12 in Maces & Flails
 23924 | D:15     | Found a staircase to the Depths.
 24409 | D:15     | magus.rc [v1.11.3]
 24670 | Spider:1 | Entered Level 1 of the Spider Nest
 25056 | Spider:1 | Noticed Roxanne
 25943 | Spider:1 | Killed Roxanne
 26820 | Spider:2 | Reached skill level 13 in Shapeshifting
 27509 | Spider:2 | Reached skill level 14 in Shapeshifting
 28185 | Spider:2 | You add the spells Ignite Poison, Sticky Flame and Ignition
                  | to your library.
 28485 | Spider:2 | You pick up a book of Changes and begin reading...
 29018 | Spider:3 | Noticed Aizul
 29027 | Spider:3 | Killed Aizul
 29159 | Spider:3 | Upgraded the game from 0.31-a0-354-g827e0957a7 to
                  | 0.31-a0-355-g57cb03d3e8
 29159 | Spider:3 | magus.rc [v1.11.3]
 29381 | Spider:3 | Reached XP level 18. HP: 134/134 MP: 18/18
 29607 | Spider:3 | Reached skill level 15 in Shapeshifting
 29706 | Spider:3 | You pick up a book of Callings and begin reading...
 29706 | Spider:3 | You add the spells Summon Small Mammal and Summon Guardian
                  | Golem to your library.
 30247 | Spider:4 | Entered Level 4 of the Spider Nest
 30280 | Spider:4 | Reached skill level 10 in Translocations
 31063 | Spider:4 | Reached skill level 16 in Dodging
 31070 | Spider:4 | Reached skill level 16 in Fighting
 31374 | Spider:4 | Reached skill level 13 in Maces & Flails
 31566 | Spider:4 | Got a gossamer rune of Zot
 31917 | D:11     | magus.rc [v1.11.3]
 31984 | Swamp:1  | Entered Level 1 of the Swamp
 32564 | Swamp:2  | Reached skill level 11 in Translocations
 32828 | Swamp:2  | You pick up a book of Touch and begin reading...
 32828 | Swamp:2  | You add the spells Kiss of Death, Confusing Touch and
                  | Dispel Undead to your library.
 33125 | Swamp:3  | Identified the +6 shortbow "Dragonslayer" {drain, Will++
                  | Int+3}
 33151 | Swamp:3  | Acquired the amulet "Jisick" {RegenMP Fly Regen+ Int+3}
 33185 | Swamp:3  | Reached XP level 19. HP: 143/143 MP: 19/19
 33410 | Swamp:3  | You pick up a book of Ice and begin reading...
 33410 | Swamp:3  | You add the spells Ozocubu's Refrigeration and Polar Vortex
                  | to your library.
 33424 | Swamp:3  | You pick up a book of Debilitation and begin reading...
 33466 | Swamp:3  | You pick up a book of Frost and begin reading...
 33466 | Swamp:3  | You add the spells Freeze and Hailstorm to your library.
 33666 | Swamp:4  | Entered Level 4 of the Swamp
 33731 | Swamp:4  | Found a frozen archway.
 33771 | IceCv    | Entered an ice cave
 33786 | IceCv    | Reached skill level 14 in Maces & Flails
 34006 | IceCv    | Reached skill level 12 in Translocations
 34102 | IceCv    | Noticed an Ice Fiend
 34106 | IceCv    | Killed an Ice Fiend
 34107 | IceCv    | Reached skill level 17 in Fighting
 34107 | IceCv    | Reached skill level 17 in Dodging
 34270 | Swamp:4  | Acquired a manual of Stealth
 34561 | Swamp:4  | Noticed the 27-headed Lernaean hydra
 34566 | Swamp:4  | Killed the 27-headed Lernaean hydra
 34574 | Swamp:4  | Got a decaying rune of Zot
 34606 | Swamp:4  | Identified the +9 short sword "Aburots" {heavy, Int+2
                  | Stlth+}
 34646 | Swamp:4  | Reached skill level 11 in Stealth
 35037 | Vaults:1 | Entered Level 1 of the Vaults
 35163 | Vaults:1 | Reached skill level 12 in Stealth
 35388 | Vaults:1 | Reached skill level 13 in Stealth
 35390 | Vaults:1 | Reached XP level 20. HP: 152/152 MP: 20/20
 35503 | Vaults:1 | You pick up a book of Scorching and begin reading...
 35743 | Vaults:1 | Reached skill level 14 in Stealth
 35972 | Vaults:1 | Found a runed translucent door.
 35974 | Vaults:1 | Noticed juan097's ghost (adept DjCj)
 36057 | Vaults:1 | You add the spells Gell's Gravitas and Teleport Other to
                  | your library.
 36206 | Vaults:1 | Killed juan097's ghost
 36207 | Vaults:1 | Reached skill level 18 in Fighting
 36207 | Vaults:1 | Reached skill level 18 in Dodging
 36207 | Vaults:1 | Identified the amulet "Doufrut" {RegenMP rElec rN+}
 36212 | Vaults:1 | You pick up a book of Beasts and begin reading...
 36212 | Vaults:1 | You add the spells Summon Ice Beast and Monstrous Menagerie
                  | to your library.
 36253 | Vaults:2 | Reached skill level 15 in Stealth
 36446 | Vaults:2 | Reached skill level 16 in Stealth
 36519 | Vaults:2 | Found a runed translucent gate.
 36519 | Vaults:2 | Found a runed translucent gate.
 36519 | Vaults:2 | Found a runed translucent gate.
 36519 | Vaults:2 | Noticed Ziugimmo's ghost (veteran AtMo)
 36575 | Vaults:2 | Found a staircase to the Crypt.
 36766 | Vaults:2 | Found Hoyllo's Antique Weapon Emporium.
 36776 | Vaults:2 | Reached skill level 17 in Stealth
 37378 | Vaults:2 | Reached skill level 18 in Stealth
 37392 | Vaults:2 | Killed Ziugimmo's ghost
 37465 | Vaults:2 | Identified the staff "Uludghotex" {rElec rC+ Str-5 SInv
                  | Stlth+ Ice}
 37467 | Vaults:2 | You pick up a book of Spatial Translocations and begin
                  | reading...
 37467 | Vaults:2 | You add the spells Momentum Strike and Lesser Beckoning to
                  | your library.
 37471 | Vaults:2 | Learned a level 2 spell: Lesser Beckoning
 37476 | Vaults:2 | Learned a level 4 spell: Passage of Golubria
 37734 | Vaults:3 | Reached XP level 21. HP: 161/161 MP: 21/21
 37797 | Vaults:3 | Found Goumm's Assorted Antiques.
 37993 | Vaults:3 | You are sucked into a shaft and drop 1 floor!
 38023 | Vaults:4 | Reached skill level 19 in Stealth
 38048 | Vaults:3 | Reached skill level 19 in Fighting
 38154 | Vaults:3 | Reached skill level 19 in Dodging
 38182 | Vaults:3 | Found Aqojiech's Antique Weapon Emporium.
 38194 | Vaults:3 | Found Picoug's Assorted Antiques.
 38609 | Vaults:3 | Identified the +7 tower shield of Ziba {-Cast rF+ Str+2}
 38609 | Vaults:3 | Noticed Mennas
 38636 | Vaults:3 | Killed Mennas
 38877 | Vaults:4 | Reached skill level 20 in Stealth
 39781 | Vaults:4 | Reached skill level 1 in Throwing
 39873 | Vaults:4 | Reached skill level 2 in Throwing
 40325 | Elf:1    | Entered Level 1 of the Elven Halls
 40342 | Elf:1    | Found a radiant altar of Vehumet.
 40469 | Orc:2    | Bought a book of Misfortune for 432 gold pieces
 40469 | Orc:2    | You pick up a book of Misfortune and begin reading...
 40469 | Orc:2    | You add the spells Inner Flame and Yara's Violent
                  | Unravelling to your library.
 40477 | Orc:2    | Learned a level 5 spell: Yara's Violent Unravelling
 40620 | Elf:1    | Reached skill level 1 in Transmutations
 40623 | Elf:1    | Reached skill level 1 in Spellcasting
 40627 | Elf:1    | Reached skill level 1 in Hexes
 40686 | Elf:1    | Reached skill level 20 in Fighting
 40720 | Elf:1    | Reached skill level 20 in Dodging
 40823 | Elf:1    | Reached XP level 22. HP: 171/171 MP: 24/24
 40825 | Elf:1    | Reached skill level 2 in Transmutations
 40830 | Elf:1    | Reached skill level 2 in Spellcasting
 40830 | Elf:1    | Reached skill level 2 in Hexes
 41105 | Elf:1    | Identified the +3 broad axe of Gluttony {venom, rElec rPois
                  | Int-2 SInv}
 41168 | Elf:2    | Reached skill level 3 in Transmutations
 41249 | Elf:2    | Reached skill level 3 in Hexes
 41268 | Elf:2    | Reached skill level 3 in Spellcasting
 41340 | Elf:2    | Reached skill level 4 in Transmutations
 41401 | Elf:2    | Reached skill level 4 in Hexes
 41449 | Elf:2    | Reached skill level 4 in Spellcasting
 41721 | Elf:2    | Reached skill level 5 in Transmutations
 41892 | Elf:2    | Reached skill level 5 in Hexes
 41977 | Elf:2    | Found a runed translucent gate.
 41978 | Elf:2    | Found a runed translucent gate.
 41978 | Elf:2    | Found a runed translucent gate.
 42166 | Elf:2    | Reached skill level 5 in Spellcasting
 42336 | Elf:2    | Reached skill level 6 in Transmutations
 42523 | Elf:3    | Entered Level 3 of the Elven Halls
 42531 | Elf:3    | Reached skill level 6 in Hexes
 42654 | Elf:3    | Found Qeadeus's Magic Scroll Emporium.
 43108 | Elf:3    | Reached skill level 6 in Spellcasting
 43127 | Elf:3    | Identified the ring of the Good {rPois MP+9}
 43149 | Elf:3    | Reached skill level 7 in Hexes
 43149 | Elf:3    | Reached skill level 7 in Transmutations
 43176 | Elf:3    | Reached skill level 7 in Spellcasting
 43178 | Elf:3    | Reached XP level 23. HP: 165/176 MP: 9/33
 43362 | Elf:3    | You add the spells Vhi's Electric Charge and Arcjolt to
                  | your library.
 43401 | Elf:3    | You pick up a book of Spatial Translocations and begin
                  | reading...
 43407 | Elf:3    | Identified the ring "Enekoyh" {rC+ MP+9 Slay+2}
 43423 | Elf:3    | Identified the +4 orcbow "Necli" {freeze, rElec SInv}
 43460 | Elf:3    | Identified the ring of the Cockroach {rF+ Dex+6}
 43461 | Elf:3    | Identified the ring of Torhatua {Wiz rN+ Str-4 Int+3}
 43466 | Elf:3    | Identified the ring "Wuat" {*Corrode rElec rF- Int+5 Dex+6}
 43491 | Elf:3    | Identified the amulet "Kan Moq" {Reflect Int+2 SH+5}
 43495 | Elf:3    | Identified the +6 shortbow of Mastery {heavy, Str+3}
 43497 | Elf:3    | Identified the +5 great sword "Giashruiq" {freeze, Will+
                  | Str+3}
 43507 | Elf:3    | You pick up a book of the Wilderness and begin reading...
 43511 | Elf:3    | You pick up a book of Alchemy and begin reading...
 43514 | Elf:3    | Identified the +6 rapier of Weimunku {speed, rElec rPois
                  | rCorr MP-9}
 43859 | Depths:1 | Entered Level 1 of the Depths
 43864 | Depths:1 | Reached skill level 8 in Hexes
 43864 | Depths:1 | Reached skill level 8 in Transmutations
 43973 | Depths:1 | Reached skill level 3 in Throwing
 44007 | Depths:1 | Reached skill level 8 in Spellcasting
 44168 | Depths:1 | Found a one-way gateway to a ziggurat.
 44185 | Depths:1 | Reached skill level 4 in Throwing
 44408 | Depths:1 | You are sucked into a shaft and drop 1 floor!
 44409 | Depths:2 | Noticed Bai Suzhen
 44486 | Depths:1 | Found a glowing silver altar of Zin.
 44557 | Depths:1 | Found a gateway to Hell.
 45151 | Depths:2 | Killed Bai Suzhen
 45152 | Depths:2 | Reached skill level 5 in Throwing
 45270 | Depths:2 | Found a sacrificial altar of Ru.
 45301 | Depths:2 | Identified the +7 tower shield of Dogma {Will+}
 45353 | Depths:2 | Identified the ring "Musemood" {Ice Str+2}
 45353 | Depths:2 | Noticed Josephina
 45362 | Depths:2 | Killed Josephina
 45462 | Depths:2 | Reached skill level 21 in Stealth
 45582 | Depths:2 | Reached skill level 9 in Spellcasting
 45865 | Depths:2 | Reached skill level 6 in Throwing
 46190 | Depths:2 | Learned a level 5 spell: Irradiate
 46219 | Depths:3 | Reached XP level 24. HP: 185/185 MP: 36/36
 46223 | Depths:3 | Reached skill level 1 in Conjurations
 46379 | Depths:3 | Reached skill level 2 in Conjurations
 46440 | Depths:3 | Reached skill level 3 in Conjurations
 46544 | Depths:3 | Reached skill level 4 in Conjurations
 46610 | Depths:3 | Reached skill level 7 in Throwing
 46802 | Depths:3 | Reached skill level 5 in Conjurations
 47015 | Depths:3 | Found a white marble altar of Elyvilon.
 47124 | Depths:3 | Found Mouxygy's Distillery.
 47128 | Depths:3 | Bought a potion of mutation for 96 gold pieces
 47182 | Depths:4 | Entered Level 4 of the Depths
 47187 | Depths:4 | Found a basalt altar of Yredelemnul.
 47227 | Depths:4 | Reached skill level 10 in Spellcasting
 47434 | Depths:4 | Reached skill level 6 in Conjurations
 47659 | Depths:4 | Reached skill level 21 in Fighting
 48001 | Depths:4 | Reached skill level 21 in Dodging
 48116 | Depths:4 | Reached skill level 8 in Throwing
 48123 | Depths:4 | Reached skill level 7 in Conjurations
 48168 | Depths:4 | Found a gate to the Realm of Zot.
 48660 | Crypt:1  | Entered Level 1 of the Crypt
 48669 | Crypt:1  | Noticed Vv
 48693 | Vaults:2 | Killed Vv
 48928 | Crypt:1  | You pick up a book of Fire and begin reading...
 48928 | Crypt:1  | You add the spells Foxfire, Plasma Beam and Starburst to
                  | your library.
 49109 | Crypt:1  | Reached skill level 8 in Conjurations
 49109 | Crypt:1  | Reached XP level 25. HP: 192/192 MP: 37/37
 49229 | Crypt:1  | Learned a level 8 spell: Ignition
 49237 | Crypt:1  | Learned a level 7 spell: Ozocubu's Refrigeration
 49338 | Crypt:1  | Reached skill level 1 in Fire Magic
 49338 | Crypt:1  | Reached skill level 1 in Ice Magic
 49466 | Crypt:2  | Reached skill level 2 in Fire Magic
 49495 | Crypt:2  | Reached skill level 3 in Fire Magic
 49515 | Crypt:2  | Reached skill level 4 in Fire Magic
 49763 | Crypt:2  | Reached skill level 5 in Fire Magic
 50017 | Crypt:2  | Found a runed translucent gate.
 50017 | Crypt:2  | Found a runed translucent gate.
 50017 | Crypt:2  | Found a runed translucent gate.
 50017 | Crypt:2  | Noticed Weuw's ghost (adept GrFi)
 50060 | Crypt:2  | Noticed a curse skull
 50067 | Crypt:2  | Killed a curse skull
 50247 | Crypt:2  | Killed Weuw's ghost
 50248 | Crypt:2  | Identified the staff of Karma {rC+ Earth}
 50292 | Crypt:3  | Entered Level 3 of the Crypt
 50298 | Crypt:3  | Reached skill level 6 in Fire Magic
 50436 | Crypt:3  | Reached skill level 7 in Fire Magic
 50668 | Crypt:3  | Reached skill level 8 in Fire Magic
 50830 | Crypt:3  | Reached skill level 9 in Fire Magic
 51016 | Crypt:3  | Identified the ring "Gagez" {rN+ Str+3 Stlth+}
 51016 | Crypt:3  | Identified the ring of Liagh {Fly rN+}
 51041 | Crypt:3  | Reached skill level 10 in Fire Magic
 51059 | Crypt:3  | You pick up a book of Iron and begin reading...
 51059 | Crypt:3  | You add the spells Summon Lightning Spire and Lee's Rapid
                  | Deconstruction to your library.
 51086 | Crypt:3  | Learned a level 5 spell: Lee's Rapid Deconstruction
 51132 | Crypt:3  | Noticed an ancient lich
 51133 | Crypt:3  | Found a basalt altar of Yredelemnul.
 51138 | Crypt:3  | Killed an ancient lich
 51184 | Crypt:3  | Acquired 603 gold pieces
 51450 | Crypt:3  | Found a staircase to the Tomb.
 51450 | Crypt:3  | Found the +9 sword of Zonguldrok {reap}
 51707 | Vaults:5 | Entered Level 5 of the Vaults
 51735 | Vaults:4 | Reached skill level 11 in Fire Magic
 51825 | Vaults:4 | Reached skill level 12 in Fire Magic
 51953 | Vaults:5 | Found Funacwis's Armour Shoppe.
 51957 | Vaults:5 | Identified the +1 shortbow of the Reaper {flame, rN+ Will+}
 51966 | Vaults:5 | Found the sphere of Battle
 51970 | Vaults:5 | Identified the +10 shortbow of the New World {speed,
                  | +Blink}
 51997 | Vaults:5 | Reached skill level 13 in Fire Magic
 52033 | Vaults:5 | Reached XP level 26. HP: 152/199 MP: 37/37
 52065 | Vaults:5 | Reached skill level 14 in Fire Magic
 52180 | Vaults:5 | Noticed a caustic shrike
 52181 | Vaults:5 | a caustic shrike changed into a quicksilver dragon
 52237 | Vaults:5 | Noticed a dread lich
 52245 | Vaults:5 | Killed a dread lich
 52246 | Vaults:5 | Reached skill level 15 in Fire Magic
 52397 | Vaults:5 | You pick up a book of Touch and begin reading...
 52449 | Vaults:5 | Reached skill level 16 in Fire Magic
 52613 | Vaults:5 | Got a silver rune of Zot
 52621 | Vaults:5 | You pick up a book of Chaos and begin reading...
 52621 | Vaults:5 | You add the spells Conjure Ball Lightning, Disjunction and
                  | Discord to your library.
 52747 | Vaults:5 | Reached skill level 17 in Fire Magic
 53454 | Vaults:5 | Identified the +0 great sword of the Valley of Death {vamp,
                  | Will+ Str+3}
 53739 | Vaults:1 | Bought the ring "Secas" {rF+ rCorr Int+3} for 443 gold
                  | pieces
 54003 | Slime:1  | Entered Level 1 of the Pits of Slime
 54089 | Slime:1  | Gained mutation: You have hidden genetic defects. [a
                  | shining eye]
 54090 | Slime:1  | Gained mutation: You occasionally shout uncontrollably at
                  | your foes. [a shining eye]
 54091 | Slime:1  | Gained mutation: One of your tentacles bears a spike. [a
                  | shining eye]
 54124 | Slime:1  | Lost mutation: One of your tentacles bears a spike. [potion
                  | of mutation]
 54124 | Slime:1  | Lost mutation: You have hidden genetic defects. [potion of
                  | mutation]
 54124 | Slime:1  | Gained mutation: You are partially covered in large bone
                  | plates. (SH +4) [potion of mutation]
 54125 | Slime:1  | Lost mutation: You occasionally shout uncontrollably at
                  | your foes. [potion of mutation]
 54125 | Slime:1  | Lost mutation: You are partially covered in large bone
                  | plates. (SH +4) [potion of mutation]
 54125 | Slime:1  | Gained mutation: You have an increased reservoir of magic.
                  | (+10% MP) [potion of mutation]
 54125 | Slime:1  | Gained mutation: You passively map a small area around you.
                  | [potion of mutation]
 54629 | Slime:3  | Reached skill level 18 in Fire Magic
 54638 | Slime:3  | Gained mutation: Potions are less effective at restoring
                  | your health. [a shining eye]
 54810 | Slime:5  | Entered Level 5 of the Pits of Slime
 54862 | Slime:5  | Noticed the Royal Jelly
 54957 | Slime:5  | Reached skill level 19 in Fire Magic
 54959 | Slime:5  | Killed the Royal Jelly
 54960 | Slime:5  | Reached XP level 27. HP: 79/205 MP: 41/41
 54961 | Slime:5  | HP: 59/266 [acid blob (22)]
 54967 | Slime:4  | HP: 47/266 [acid (2)]
 55259 | Slime:5  | Identified the +0 quarterstaff "Qupnair" {freeze, rCorr}
 55288 | Slime:5  | Identified the staff "Apughoav" {rF++ Str-4 Int+2 Conj}
 55292 | Slime:5  | Got the Dissertation on the Chill and Spooky Action
 55295 | Slime:5  | You pick up a book of Necromancy and begin reading...
 55346 | Slime:5  | You pick up a book of Scorching and begin reading...
 55354 | Slime:5  | Identified the staff "Kyw Oscho" {rElec rF+ Will+ Str+2
                  | Fire}
 55356 | Slime:5  | You add the spells Eringya's Noxious Bog and Summon Hydra
                  | to your library.
 55361 | Slime:5  | Got a slimy rune of Zot
 55376 | Slime:5  | Identified the +7 quarterstaff "Widowermaker" {vamp, rF+}
 55378 | Slime:5  | You add the spells Malign Gateway and Summon Horrible
                  | Things to your library.
 55383 | Slime:5  | You pick up a book of Cantrips and begin reading...
 55392 | Slime:5  | You pick up a book of the Spheres and begin reading...
 55392 | Slime:5  | You add the spells Iskenderun's Battlesphere, Fireball and
                  | Orb of Destruction to your library.
 55432 | Slime:5  | Identified the +1 helmet "Usoset" {rF+ Dex+2}
 55450 | Slime:5  | Identified the +5 quarterstaff of Chance {flame, Fly rN+
                  | Dex-3}
 55917 | Slime:5  | Lost mutation: You passively map a small area around you.
                  | [potion of mutation]
 55917 | Slime:5  | Lost mutation: Potions are less effective at restoring your
                  | health. [potion of mutation]
 55917 | Slime:5  | Lost mutation: You have an increased reservoir of magic.
                  | (+10% MP) [potion of mutation]
 55917 | Slime:5  | Gained mutation: You are resistant to electric shocks.
                  | (rElec) [potion of mutation]
 55917 | Slime:5  | Gained mutation: You expend magic power (3 MP) to
                  | strengthen your wands. [potion of mutation]
 55917 | Slime:5  | Gained mutation: You are frail. (-10% HP) [potion of
                  | mutation]
 55918 | Slime:5  | Lost mutation: You expend magic power (3 MP) to strengthen
                  | your wands. [potion of mutation]
 55918 | Slime:5  | Lost mutation: You are frail. (-10% HP) [potion of
                  | mutation]
 55918 | Slime:5  | Gained mutation: You are partially covered in iridescent
                  | scales. (AC +2) [potion of mutation]
 55918 | Slime:5  | Gained mutation: Your flesh is heat resistant. (rF+)
                  | [potion of mutation]
 55918 | Slime:5  | Gained mutation: You are covered in fur. (AC +1) [potion of
                  | mutation]
 56372 | Zot:1    | Entered Level 1 of the Realm of Zot
 56405 | Zot:1    | Noticed an orb of fire
 56408 | Zot:1    | Gained mutation: You are dopey. (Int -2) [an orb of fire]
 56413 | Zot:1    | Killed an orb of fire
 56706 | Vaults:1 | Bought a talisman of death for 1250 gold pieces
 57404 | Zot:1    | Reached skill level 11 in Spellcasting
 57854 | Zot:2    | Reached skill level 20 in Fire Magic
 58017 | Zot:2    | Noticed an electric golem
 58041 | Zot:2    | Killed an electric golem
 58055 | Zot:2    | Identified +9 gold dragon scales
 58055 | Zot:2    | Noticed Parghit
 58244 | Zot:3    | Killed Parghit
 58337 | Zot:3    | 4 large rocks {=f}; +9 gold dragon scales {rare}
 58344 | Zot:3    | 4 large rocks {=f}; +9 gold dragon scales {rare}
 58559 | Zot:2    | Reached skill level 12 in Spellcasting
 58631 | Zot:2    | Reached skill level 22 in Fighting
 59136 | Zot:3    | Noticed a curse toe
 59149 | Zot:3    | Killed a curse toe
 59340 | Zot:3    | Noticed an electric golem
 59350 | Zot:3    | Killed an electric golem
 59354 | Zot:3    | You are cast into the Abyss!
 59354 | Abyss:4  | Cast into level 4 of the Abyss (black draconian knight)
 59358 | Abyss:4  | Found a corrupted altar of Lugonu.
 59787 | Abyss:4  | Reached skill level 21 in Fire Magic
 59871 | Abyss:4  | Reached skill level 23 in Fighting
 60166 | Abyss:5  | Reached skill level 24 in Fighting
 60391 | Abyss:6  | Got an abyssal rune of Zot
 60400 | Abyss:6  | Gained mutation: You are frail. (-10% HP) [a neqoxec]
 60503 | Abyss:6  | Reached skill level 25 in Fighting
 60533 | Abyss:6  | Noticed a pearl dragon
 60536 | Abyss:6  | Noticed an ancient lich
 60538 | Abyss:6  | Killed an ancient lich
 60559 | Abyss:6  | Killed a pearl dragon
 60588 | Abyss:6  | Noticed an ancient lich
 60591 | Abyss:6  | Killed an ancient lich
 60652 | Abyss:6  | Reached skill level 26 in Fighting
 60653 | Abyss:6  | Noticed a pearl dragon
 60657 | Abyss:6  | Killed a pearl dragon
 60665 | Abyss:6  | Noticed an ancient lich
 60667 | Zot:3    | You pass through the gate.
 60667 | Zot:3    | Escaped the Abyss
 60675 | Zot:3    | Reached skill level 27 in Fighting
 60677 | Zot:3    | Reached skill level 1 in Earth Magic
 60829 | Zot:3    | Found a transporter.
 60936 | Zot:3    | Found a transporter.
 60936 | Zot:3    | You are sucked into a shaft and drop 1 floor!
 60939 | Zot:4    | Reached skill level 2 in Earth Magic
 60976 | Zot:4    | Reached skill level 3 in Earth Magic
 61122 | Zot:3    | You pick up a book of Sloth and begin reading...
 61380 | Zot:3    | +9 gold dragon scales {rare}; 4 large rocks {=f}
 61560 | Zot:3    | Noticed an orb of fire
 61561 | Zot:3    | Noticed an orb of fire
 61575 | Zot:3    | HP: 14/80 [orb of fire/bolt of fire (12)]
 61575 | Zot:3    | HP: 6/80 [constriction (4)]
 61576 | Zot:3    | Slain by a storm dragon

Vanquished Creatures
  the Royal Jelly (Slime:5)
  A dread lich (Vaults:5)
  3 ancient liches
  An orb of fire (Zot:1)
  Mennas (Vaults:3)
  Vv (Vaults:2)
  Josephina (Depths:2)
  Parghit (Zot:3)
  Bai Suzhen (Depths:2)
  the Lernaean hydra (Swamp:4)
  The ghost of Ziugimmo the Tortoise, a veteran AtMo of Elyvilon (Vaults:2)
  A curse toe (Zot:3)
  8 golden dragons
  4 bone dragons
  The ghost of juan097 the Eclecticist, an adept DjCj of Gozag (Vaults:1)
  2 pearl dragons (Abyss:6)
  2 electric golems
  The ghost of Weuw the Warrior, an adept GrFi of Cheibriados (Crypt:2)
  13 liches
  14 tentacled monstrosities
  A hellephant (Abyss:6)
  Rupert (D:13)
  An Ice Fiend (IceCv)
  2 deep elf master archers (Elf:3)
  A walking earthen tome (Abyss:6)
  6 quicksilver dragons
  A walking crystal tome (Depths:3)
  6 titans
  3 deep elf blademasters
  20 tentacled starspawn
  2 death cobs
  A thorn hunter (Swamp:4)
  3 sphinxes
  Frances (D:13)
  25 acid blobs
  2 ancient champions (Crypt:1)
  15 storm dragons
  13 tengu reavers
  10 azure jellies
  2 daevas
  A revenant (Crypt:2)
  Roxanne (Spider:1)
  A fenstrider witch (Swamp:4)
  5 draconian monks
  Kirke (Lair:5)
  9 shadow dragons
  6 draconian knights
  Aizul (Spider:3)
  8 rockslimes
  13 fire giants
  11 emperor scorpions
  4 ghost moths
  A curse skull (Crypt:2)
  15 vault wardens
  10 frost giants
  6 draconian shifters
  7 deep elf sorcerers
  2 balrugs
  Louise (D:15)
  2 spriggan defenders (Depths:2)
  5 draconian annihilators
  2 cacodemons
  3 deep elf elementalists
  6 orc warlords
  4 draconian stormcallers
  4 ghouls
  18 ironbound preservers
  39 very ugly things
  2 angels
  12 quicksilver oozes
  26 stone giants
  10 formless jellyfish
  5 war gargoyles
  6 ironbound thunderhulks
  3 vampire knights
  4 eleionomae
  8 black draconians
  3 broodmothers
  An ophan (Abyss:5)
  12 deep elf demonologists
  12 green draconians
  6 dire elephants
  Azrael (D:13)
  An eleionoma (shapeshifter) (Vaults:5)
  10 deep elf annihilators
  A lorocyproca (Abyss:4)
  7 red draconians
  5 white draconians
  8 yellow draconians
  A minotaur (Gauntlet)
  A bunyip (Swamp:4)
  5 purple draconians
  11 spark wasps
  An eidolon (Abyss:5)
  13 deep elf death magi
  7 jiangshi
  Snorg (D:13)
  3 blizzard demons
  A quicksilver dragon zombie (Crypt:3)
  A green death (Abyss:4)
  10 fire dragons
  23 ettins
  A shambling mangrove (Swamp:2)
  7 crystal guardians
  A fire dragon (shapeshifter) (Vaults:5)
  4 entropy weavers
  8 deep elf high priests
  10 yaktaur captains
  3 spriggan zombies
  A peacekeeper (Vaults:3)
  11 rakshasas
  37 vault guards
  8 great orbs of eyes
  21 hydras
  6 caustic shrike simulacra (IceCv)
  A juggernaut simulacrum (Depths:2)
  4 catoblepae
  7 ice dragons
  3 ghost crabs
  9 centaur warriors
  Harold (D:8)
  2 spriggan skeletons
  4 ogre magi
  A radroach (Spider:3)
  2 hell beasts (Depths:4)
  A jorogumo (Spider:3)
  A demonspawn (Orc:2)
  6 ironbound frosthearts
  10 boulder beetles
  6 spriggan air magi
  4 death knights
  An alligator (shapeshifter) (Depths:2)
  11 alligators
  6 vampire magi
  34 dancing weapons
  6 death yaks (Lair:4)
  4 deep troll shamans
  8 tengu warriors
  4 hell hogs
  3 death scarabs (Abyss:5)
  16 two-headed ogres
  9 demonic crawlers
  10 deep troll earth magi
  5 spriggan berserkers
  7 orc high priests (Orc:2)
  19 thrashing horrors
  A titan zombie (Crypt:3)
  Urug (D:13)
  A soul eater (Depths:4)
  18 hell knights
  3 sun demons
  A storm dragon zombie (Vaults:5)
  25 deep elf knights
  A fire crab (shapeshifter) (Elf:2)
  A skyshark (Lair:5)
  5 sixfirhies
  27 wretched stars
  4 pharaoh ants
  4 goliath frogs
  4 iron trolls
  A sun moth (Spider:2)
  A bunyip zombie (Crypt:1)
  A storm dragon skeleton (Crypt:2)
  7 glowing orange brains
  A salamander mystic (Volcano)
  Lodul (D:10)
  5 flayed ghosts
  42 deep trolls
  2 spatial maelstroms (Abyss:6)
  27 skeletal warriors
  3 shadow wraiths
  4 spriggan druids
  12 orb spiders
  A quicksilver dragon simulacrum (Depths:2)
  17 bog bodies
  10 swamp dragons
  2 obsidian statues (IceCv)
  9 steelbarb worms
  13 deep elf archers
  3 spriggan simulacra
  14 ironbound convokers
  The ghost of howech the Trooper, a novice MiBe of Trog (D:7)
  15 necromancers
  11 phantasmal warriors
  10 wizards
  15 lindwurms
  An anaconda skeleton (Crypt:3)
  28 deep elf pyromancers
  A harpy (shapeshifter) (Lair:5)
  2 human zombies (Vaults:4)
  41 deep elf zephyrmancers
  24 wolf spiders
  16 orc sorcerers
  25 orc knights
  A stone giant zombie (Vaults:4)
  2 oklob plants (Spider:2)
  2 worldbinders
  A frost giant zombie (Crypt:2)
  An iron dragon zombie (Crypt:1)
  5 cyclopes
  A spectral boulder beetle (Lair:2)
  5 will-o-the-wisps
  66 ugly things
  9 elephants (Lair:5)
  8 harpies
  3 shining eyes
  4 salamanders (Volcano)
  13 moths of wrath
  6 manticores
  A human skeleton (Vaults:4)
  A guardian serpent (Abyss:6)
  A rust devil (Abyss:4)
  An elf zombie (Vaults:5)
  5 apocalypse crabs
  A stone giant skeleton (Crypt:3)
  An iron dragon skeleton (Crypt:3)
  2 centaur skeletons (D:15)
  A water nymph (shapeshifter) (Vaults:5)
  A storm dragon simulacrum (D:15)
  4 molten gargoyles (Elf:1)
  3 black mambas
  2 eyes of devastation
  18 vault sentinels
  2 guardian serpents (shapeshifter)
  18 smoke demons
  A naga mage (D:15)
  A dire elephant skeleton (Crypt:2)
  7 cane toads
  7 torpor snails
  2 orange demons
  3 gargoyles
  2 unseen horrors (D:11)
  3 hellions (Abyss:5)
  An orb spider zombie (Crypt:2)
  A purple draconian zombie (Crypt:2)
  3 kobold demonologists
  2 tengu conjurers
  12 freezing wraiths
  9 komodo dragons
  37 yaktaurs
  A grey draconian skeleton (Crypt:2)
  A tormentor (Abyss:5)
  2 harpy zombies (Crypt:3)
  A purple draconian skeleton (Crypt:2)
  An ice devil (IceCv)
  An efreet (D:11)
  23 ancient zymes
  2 golden dragon simulacra
  2 silent spectres
  A yellow draconian skeleton (Crypt:2)
  A red devil (Orc:2)
  4 trolls
  9 meliai
  An alligator snapping turtle skeleton (Crypt:2)
  12 hornets
  7 hellwings
  A bloated husk (Swamp:2)
  3 polar bears
  A meliai (shapeshifter) (D:13)
  8 tyrant leeches
  Grinder (D:3)
  25 blink frogs
  20 tarantellas
  8 dream sheep
  A hydra skeleton (Crypt:1)
  A frost giant simulacrum (Depths:2)
  A draconian simulacrum (Crypt:1)
  A harpy skeleton (Crypt:3)
  An alligator zombie (Crypt:2)
  A human simulacrum (Vaults:5)
  28 raiju
  41 flying skulls
  66 slime creatures
  An alligator skeleton (Crypt:1)
  An ettin skeleton (Abyss:6)
  25 jumping spiders
  A shadow (D:11)
  4 water elementals
  5 air elementals
  25 culicivoras
  4 wyverns
  8 wraiths
  2 guardian serpent skeletons (Crypt:1)
  9 spriggans
  51 yaks
  8 ynoxinuls
  54 starcursed masses
  3 vampires
  A basilisk (shapeshifter) (Abyss:6)
  60 redbacks
  13 vampire mosquitoes
  7 golden eyes
  A spectral komodo dragon (Lair:2)
  A hog (Lair:5)
  19 neqoxecs
  12 basilisks
  A steam dragon (D:8)
  Grum (D:9)
  6 fire elementals
  8 chaos spawn
  16 swamp worms
  A warg (shapeshifter) (Vaults:5)
  4 harpy simulacra
  4 wargs
  An acid dragon (shapeshifter) (D:13)
  44 large abominations
  A spectral cane toad (Lair:2)
  2 acid dragons
  A naga (Abyss:6)
  A water moccasin (shapeshifter) (Lair:5)
  17 water moccasins
  7 spatial vortices (Abyss:6)
  5 hydra simulacra (IceCv)
  A floating eye (shapeshifter) (Vaults:4)
  A glowing shapeshifter skeleton (Vaults:4)
  2 floating eyes
  6 hell hounds
  An ogre skeleton (Vaults:5)
  43 orc warriors
  A sky beast (D:7)
  An ice beast (D:6)
  3 alligator simulacra (Swamp:4)
  8 swamp drakes
  A lindwurm zombie (Crypt:1)
  A black bear (D:7)
  14 wolves
  9 centaurs
  16 ogres
  3 kobold brigands
  Blork the orc (D:6)
  11 bullfrogs
  A fire crab zombie (Crypt:2)
  A komodo dragon zombie (Crypt:1)
  A spectral water moccasin (Lair:2)
  5 earth elementals
  A gnoll sergeant (D:13)
  7 necrophages
  17 scorpions
  2 deep troll simulacra (Swamp:4)
  28 small abominations
  35 wights
  A hornet simulacrum (D:15)
  56 killer bees
  2 lindwurm simulacra
  A yak skeleton (Crypt:1)
  6 vampire bats (Bailey)
  An electric eel (Lair:5)
  7 howler monkeys
  3 crimson imps (Abyss:5)
  4 wolf zombies (Bailey)
  A jelly (shapeshifter) (Vaults:5)
  2 lava snakes (Elf:1)
  A quasit (Abyss:4)
  3 iron imps
  25 orc priests
  2 jellies (D:4)
  4 hounds
  Crazy Yiuf (D:6)
  2 sleepcaps
  3 iguanas
  19 orc wizards
  12 gnolls
  13 adders
  5 shadow imps
  5 white imps
  4 ufetubi
  3 worms
  3 dart slugs
  71 orcs
  5 ball pythons
  7 endoplasms
  3 giant cockroaches
  13 goblins
  8 hobgoblins
  19 kobolds
  6 bats
  A frilled lizard (D:1)
  A goblin skeleton (Crypt:1)
  21 orc zombies (Bailey)
  9 rats
  A fire vortex (Lair:5)
  6 lurking horrors
  11 starspawn tentacles
2951 creatures vanquished.

Vanquished Creatures (others)
  A fire giant (Vaults:5)
  A deep elf elementalist (Elf:3)
  A hydra (Swamp:1)
  A wizard (Vaults:2)
  A smoke demon (Abyss:6)
  3 bloated husks
  A hornet (Swamp:1)
  A tyrant leech (Swamp:1)
  A human (Lair:5)
  4 golden eyes (Abyss:4)
  An ogre (Vaults:5)
  A starcursed mass (Abyss:5)
  A small abomination (Abyss:5)
  10 foxfires
  A lurking horror (Abyss:4)
  95 spectral weapons
  16 starspawn tentacles
140 creatures vanquished.

Grand Total: 3091 creatures vanquished

Table legend:
 A = Non-vault XP
 B = Vault XP
 C = Vault XP percentage of total XP
 D = Non-vault monster count
 E = Vault monster count
 F = Vault count percentage of total count
                 A         B        C        D         E       F
            +---------+---------+-------+---------+---------+-------
      Total | 1015804 |  639463 |  38.6 |    1898 |    1012 |  34.8
            +---------+---------+-------+---------+---------+-------
        D:1 |      42 |       0 |   0.0 |      26 |       0 |   0.0
        D:2 |     159 |      24 |  13.1 |      21 |       6 |  22.2
        D:3 |      63 |     281 |  81.7 |      13 |       1 |   7.1
        D:4 |     415 |       0 |   0.0 |      23 |       0 |   0.0
        D:5 |     584 |       0 |   0.0 |      13 |       0 |   0.0
        D:6 |     866 |     189 |  17.9 |      14 |       5 |  26.3
        D:7 |    1580 |     643 |  28.9 |      27 |       1 |   3.6
        D:8 |    3271 |     858 |  20.8 |      28 |       5 |  15.2
        D:9 |    3520 |     655 |  15.7 |      39 |       5 |  11.4
       D:10 |    3107 |    1335 |  30.1 |      22 |       6 |  21.4
       D:11 |    1449 |   10139 |  87.5 |      11 |      32 |  74.4
       D:12 |    4965 |    3693 |  42.7 |      16 |       8 |  33.3
       D:13 |    3106 |   17904 |  85.2 |      13 |      32 |  71.1
       D:14 |    6634 |       0 |   0.0 |      14 |       0 |   0.0
       D:15 |   23577 |    4996 |  17.5 |      41 |       9 |  18.0
     Lair:1 |    3860 |       0 |   0.0 |      23 |       0 |   0.0
     Lair:2 |    3455 |    4553 |  56.9 |      14 |      40 |  74.1
     Lair:3 |    5761 |     196 |   3.3 |      23 |       1 |   4.2
     Lair:4 |   13025 |       0 |   0.0 |      33 |       0 |   0.0
     Lair:5 |   14520 |   11904 |  45.0 |      46 |      40 |  46.5
    Swamp:1 |   10394 |       0 |   0.0 |      22 |       0 |   0.0
    Swamp:2 |   12194 |       0 |   0.0 |      24 |       0 |   0.0
    Swamp:3 |   15812 |       0 |   0.0 |      27 |       0 |   0.0
    Swamp:4 |   10201 |   24449 |  70.6 |      15 |      42 |  73.7
   Spider:1 |   14199 |    1375 |   8.8 |      38 |       1 |   2.6
   Spider:2 |   16283 |   14519 |  47.1 |      39 |      28 |  41.8
   Spider:3 |   24479 |    1326 |   5.1 |      60 |       1 |   1.6
   Spider:4 |    9518 |   19424 |  67.1 |      20 |      39 |  66.1
    Slime:1 |   16960 |       0 |   0.0 |      23 |       0 |   0.0
    Slime:2 |    3953 |       0 |   0.0 |       4 |       0 |   0.0
    Slime:3 |   10339 |       0 |   0.0 |      19 |       0 |   0.0
    Slime:4 |   10665 |       0 |   0.0 |      22 |       0 |   0.0
    Slime:5 |    7708 |   28759 |  78.9 |      11 |      19 |  63.3
      Orc:1 |    5609 |       0 |   0.0 |      47 |       0 |   0.0
      Orc:2 |    6943 |   15130 |  68.5 |      43 |      60 |  58.3
      Elf:1 |   15688 |   13047 |  45.4 |      29 |      21 |  42.0
      Elf:2 |   36413 |   23549 |  39.3 |      58 |      31 |  34.8
      Elf:3 |   12096 |   42622 |  77.9 |      20 |      42 |  67.7
   Vaults:1 |   37082 |   13214 |  26.3 |      57 |      18 |  24.0
   Vaults:2 |   30990 |   31759 |  50.6 |      41 |      35 |  46.1
   Vaults:3 |   20018 |   14912 |  42.7 |      27 |      20 |  42.6
   Vaults:4 |   42798 |   40311 |  48.5 |      56 |      54 |  49.1
   Vaults:5 |   23916 |   96998 |  80.2 |      38 |      86 |  69.4
    Crypt:1 |   23002 |       0 |   0.0 |      39 |       0 |   0.0
    Crypt:2 |   17754 |    7251 |  29.0 |      24 |       9 |  27.3
    Crypt:3 |       0 |   54964 | 100.0 |       0 |      91 | 100.0
   Depths:1 |   38067 |    4707 |  11.0 |      45 |       4 |   8.2
   Depths:2 |   38916 |   29127 |  42.8 |      45 |      28 |  38.4
   Depths:3 |   35109 |   33292 |  48.7 |      36 |      29 |  44.6
   Depths:4 |   25681 |   20458 |  44.3 |      28 |      22 |  44.0
      Zot:1 |   26527 |       0 |   0.0 |      21 |       0 |   0.0
      Zot:2 |   60811 |    2661 |   4.2 |      48 |       2 |   4.0
      Zot:3 |   32811 |    3052 |   8.5 |      28 |       1 |   3.4
      Zot:4 |   13261 |       0 |   0.0 |      11 |       0 |   0.0
    Abyss:4 |   58840 |       0 |   0.0 |     114 |       0 |   0.0
    Abyss:5 |   50107 |   14930 |  23.0 |      99 |      54 |  35.3
    Abyss:6 |  106701 |    7557 |   6.6 |     160 |      11 |   6.4
     Bailey |       0 |    1273 | 100.0 |       0 |      33 | 100.0
      IceCv |       0 |   13359 | 100.0 |       0 |      25 | 100.0
    Volcano |       0 |    3804 | 100.0 |       0 |       6 | 100.0
   Gauntlet |       0 |    4264 | 100.0 |       0 |       9 | 100.0
            +---------+---------+-------+---------+---------+-------

Skill      XL: |  1  2  3  4  5  6  7  8  9 10 11 12 13 14 15 16 17 18 19 20 21 22 23 24 25 26 27 |
---------------+----------------------------------------------------------------------------------+-----
Fighting       | 2 3 4 5 6 8 9 10 12 13 14 15 16 17 18 20 21 27 | 27.0
Dodging        | 3 4 5 7 8 9 10 12 13 14 15 16 17 18 20 21 | 21.3
Unarmed Combat | 4 |  4.0
Maces & Flails | 2 4 6 7 8 9 10 11 12 13 14 | 14.0
Shapeshifting  | 4 5 6 7 8 9 10 11 12 14 15 | 15.0
Stealth        | 7 10 13 18 20 21 | 21.2
Translocations | 2 6 8 9 11 12 | 12.3
Throwing       | 2 6 8 |  8.4
Transmutations | 1 7 8 |  8.0
Spellcasting   | 1 7 9 10 12 | 12.0
Hexes          | 1 7 8 |  8.0
Conjurations   | 8 |  8.0
Fire Magic     | 13 19 21 | 21.0
Ice Magic      | 1 |  1.4
Earth Magic    | 3 |  3.9

Action                     |  1- 3 |  4- 6 |  7- 9 | 10-12 | 13-15 | 16-18 | 19-21 | 22-24 | 25-27 || total
---------------------------+-------+-------+-------+-------+-------+-------+-------+-------+-------++-------
  Melee: Unarmed           |    56 |    56 |       |       |       |       |       |       |       ||   112
         Constrict         |    15 |    19 |    33 |    73 |   130 |   180 |   146 |   146 |   247 ||   989
         Tentacles         |     5 |    13 |    24 |    77 |   164 |   283 |   277 |   284 |   641 ||  1768
         Punch             |     1 |       |     6 |    10 |    42 |    40 |    40 |    45 |   104 ||   288
         Dire flail        |       |    11 |   105 |   314 |   563 |   954 |   779 |   948 |  1682 ||  5356
         Kick              |       |       |       |       |       |       |       |       |     9 ||     9
  Throw: Dart              |     3 |     4 |       |    14 |     1 |     7 |       |       |       ||    29
         Stone             |     1 |       |       |       |       |       |       |       |       ||     1
         Throwing net      |       |       |       |     1 |       |       |       |       |       ||     1
         Boomerang         |       |       |       |       |       |     1 |       |       |       ||     1
   Cast: Blink             |       |       |       |       |     1 |       |       |       |       ||     1
         Manifold Assault  |       |       |       |       |       |   101 |     5 |    55 |    52 ||   213
         Lesser Beckoning  |       |       |       |       |       |       |     2 |       |    21 ||    23
         Yara's Violent Un |       |       |       |       |       |       |       |    38 |     5 ||    43
         Irradiate         |       |       |       |       |       |       |       |       |     7 ||     7
         Ignition          |       |       |       |       |       |       |       |       |    52 ||    52
 Invoke: Potion Petition   |       |       |       |       |     1 |       |       |     9 |    12 ||    22
         Call Merchant     |       |       |       |       |       |       |     1 |       |       ||     1
Ability: Begin Untransform |       |       |       |     1 |     1 |       |       |       |       ||     2
  Evoke: Wand              |       |       |       |       |     1 |     3 |       |     2 |     7 ||    13
    Use: Scroll            |     3 |       |     4 |    10 |     9 |    13 |     2 |     1 |     6 ||    48
         Potion            |       |       |     1 |       |     5 |     3 |     5 |       |     9 ||    23
   Stab: Sleeping          |     5 |     8 |     2 |    30 |    39 |    37 |    63 |    29 |    47 ||   260
         Distracted        |       |       |     2 |     8 |    23 |    25 |    38 |    62 |    74 ||   232
         Invisible         |       |       |       |       |     2 |       |       |       |     1 ||     3
         Petrified         |       |       |       |       |       |     4 |       |       |       ||     4
 Armour: Skin              |     3 |     3 |     1 |       |     8 |    80 |   199 |   237 |   508 ||  1039
  Dodge: Dodged            |    28 |    36 |    62 |   274 |   388 |   808 |  1043 |  1091 |  2601 ||  6331
   Form: Beast             |       |       |       |     1 |       |     1 |       |       |       ||     2
         Statue            |       |       |       |       |       |     1 |       |       |     2 ||     3
         Death             |       |       |       |       |       |       |       |       |     3 ||     3

Illustrated notes

Table legend:
 A = Kills in this place as a percentage of kills in the entire game.
 B = Kills by you in this place as a percentage of kills by you in the entire game.
 C = Kills by friends in this place as a percentage of kills by friends in the entire game.
 D = Other kills in this place as a percentage of other kills in the entire game.
 E = Experience gained in this place as a percentage of experience gained in the entire game.
 F = Experience gained in this place divided by the number of levels of this place that you have seen.
                   A       B       C       D       E      F
               +-------+-------+-------+-------+-------+----------------------
         Total | 100.0 | 100.0 |   N/A | 100.0 | 100.0 | 26697.9
       Dungeon |  14.8 |  14.8 |   N/A |   0.0 |   5.7 | 6270.3
          Lair |   7.6 |   7.6 |   N/A |   0.0 |   3.5 | 11454.8
         Swamp |   4.5 |   4.4 |   N/A |  50.0 |   4.4 | 18262.5
   Spider Nest |   7.8 |   7.8 |   N/A |   0.0 |   6.1 | 25280.8
    Slime Pits |   3.4 |   3.4 |   N/A |   0.0 |   4.7 | 15676.8
  Orcish Mines |   5.2 |   5.2 |   N/A |   0.0 |   1.7 | 13841.0
   Elven Halls |   6.9 |   6.9 |   N/A |  16.7 |   8.7 | 47805.0
        Vaults |  14.8 |  14.8 |   N/A |  16.7 |  21.3 | 70399.6
         Crypt |   5.6 |   5.6 |   N/A |   0.0 |   6.2 | 34323.7
        Depths |   8.1 |   8.2 |   N/A |   0.0 |  13.6 | 56339.2
           Zot |   3.8 |   3.8 |   N/A |   0.0 |   8.4 | 34780.8
         Abyss |  15.1 |  15.0 |   N/A |  16.7 |  14.4 | 79378.3
        Bailey |   1.1 |   1.1 |   N/A |   0.0 |   0.1 | 1273.0
      Ice Cave |   0.9 |   0.9 |   N/A |   0.0 |   0.8 | 13359.0
       Volcano |   0.2 |   0.2 |   N/A |   0.0 |   0.2 | 3804.0
      Gauntlet |   0.3 |   0.3 |   N/A |   0.0 |   0.3 | 4264.0
               +-------+-------+-------+-------+-------+----------------------

Table legend: (Time is in decaauts)
 A = Elapsed time spent in this place.
 B = Non-inter-level travel time spent in this place.
 C = Inter-level travel time spent in this place.
 D = Time resting spent in this place.
 E = Time spent auto-exploring this place.
 F = Levels seen in this place.
 G = Mean time per level.
                   A        B        C        D        E       F      G
               +--------+--------+--------+--------+--------+-----+--------+
         Total |  73949 |  67021 |   6928 |   4768 |  47487 |  62 | 1192.7 |
       Dungeon |  16806 |  14048 |   2758 |    658 |  11009 |  15 | 1120.4 |
        Temple |     61 |     28 |     33 |      0 |      0 |   1 |   61.0 |
          Lair |   6177 |   5328 |    849 |    286 |   3969 |   5 | 1235.4 |
         Swamp |   3812 |   3565 |    247 |      0 |   2706 |   4 |  953.0 |
   Spider Nest |   7026 |   6596 |    430 |   1831 |   3702 |   4 | 1756.5 |
    Slime Pits |   2824 |   2714 |    110 |    312 |   1803 |   5 |  564.8 |
  Orcish Mines |   2631 |   2387 |    244 |    402 |   1353 |   2 | 1315.5 |
   Elven Halls |   4698 |   4418 |    280 |     39 |   3267 |   3 | 1566.0 |
        Vaults |  10768 |   9740 |   1028 |    207 |   7394 |   5 | 2153.6 |
         Crypt |   3983 |   3799 |    184 |      0 |   2992 |   3 | 1327.7 |
        Depths |   6953 |   6295 |    658 |    355 |   4582 |   4 | 1738.2 |
           Zot |   4841 |   4738 |    103 |    404 |   3572 |   4 | 1210.2 |
         Abyss |   1682 |   1682 |      0 |     60 |    213 |   3 |  560.7 |
        Bailey |    348 |    348 |      0 |     19 |    209 |   1 |  348.0 |
      Ice Cave |    611 |    611 |      0 |      3 |    415 |   1 |  611.0 |
       Volcano |    282 |    282 |      0 |     51 |    122 |   1 |  282.0 |
      Gauntlet |    438 |    438 |      0 |    135 |    176 |   1 |  438.0 |
               +--------+--------+--------+--------+--------+-----+--------+

Top non-repeatable levels by time:
Vaults:5: 2390 daAuts
Vaults:4: 2356 daAuts
Spider:1: 2128 daAuts
Vaults:2: 2124 daAuts
Spider:2: 2110 daAuts
Vaults:3: 2025 daAuts
   Elf:2: 1980 daAuts
   Zot:3: 1908 daAuts
Depths:4: 1905 daAuts
Vaults:1: 1872 daAuts
Depths:2: 1861 daAuts
   Orc:2: 1858 daAuts
    D:11: 1809 daAuts
    D:13: 1779 daAuts
 Crypt:3: 1748 daAuts
